Workbook

Sheet Contributi
A1: Voucher Lazio - Erogazione Contributi ASD - Anno 2025
A3: CODICE FISCALE ASD | B3: NOMINATIVO ASD | C3: Importo complessivo da erogare Tranche del 30.09.2025 | D3: Importo complessivo da erogare Tranche del 31.12.2025 | E3: Importo complessivo da erogare Tranche del 31.03.2026 | F3: Importo complessivo da erogare Tranche del 30.06.2026
A4: 95038790580 | B4: ASSOCIAZIONE SPORTIVA DILETTANTISTICA DANCE IN PROGRESS | C4: 0 | D4: 1620 | E4: 4140 | F4: 5520
A5: 11521311008 | B5: Professione Fitness SSD SRL | C5: 0 | D5: 2565 | E5: 3690 | F5: 3690
A6: 96426110589 | B6: #2.0 CENTRO AVVIAMENTO DANZA CLASSICA A.S. DILETTANTISTICA | C6: 0 | D6: 300 | E6: 900 | F6: 1020
A7: 97757010588 | B7: A. artistica didattica c. s. d. laltradanza | C7: 0 | D7: 2700 | E7: 6800 | F7: 2800
A8: 1013790595 | B8: A. DIL. BASKET ITRI | C8: 0 | D8: 2480 | E8: 5040 | F8: 6280
A9: 92095090608 | B9: A. S. Dilettantistica LC Training | C9: 50 | D9: 1150 | E9: 2500 | F9: 1800
A10: 9136911006 | B10: A.D. NEW NETTUNO BASKET CLUB | C10: 0 | D10: 3300 | E10: 6960 | F10: 6780
A11: 1358680567 | B11: A.D.P. REAL AZZURRA | C11: 0 | D11: 1880 | E11: 5145 | F11: 5325
A12: 90053700598 | B12: A.D.S. S.C. ARCIERI DI SANTO STEFANO | C12: 40 | D12: 360 | E12: 720 | F12: 760
A13: 7592821008 | B13: A.DIL. ALBANO BASKET CLUB | C13: 0 | D13: 990 | E13: 2970 | F13: 3190
A14: 90056550560 | B14: A.DIL. BASKET PEGASO | C14: 0 | D14: 2310 | E14: 4785 | F14: 5720
A15: 3121700607 | B15: A.M.B. FROSINONE C5 | C15: 0 | D15: 1000 | E15: 1000 | F15: 500
... A40: 6104041006 | B40: A.S.D. BASKET SAN CESAREO | C40: 0 | D40: 2520 | E40: 4160 | F40: 4520
A41: 96432450581 | B41: A.S.D. CASTELLI ROMANI CYCLING | C41: 0 | D41: 840 | E41: =1610+210 -> 1820 | F41: 1680
A42: 90081050586 | B42: A.S.D. CIAMPACAVALLO AI CASTELLI ONLUS | C42: 0 | D42: 830 | E42: 2620 | F42: 1250
A43: 91161230593 | B43: A.S.D. CIRCEO TEAM | C43: 0 | D43: 0 | E43: 2000 | F43: 0
A44: 90080240592 | B44: A.S.D. CITTA DI FORMIA CALCIO | C44: 0 | D44: 6480 | E44: 13500 | F44: 14700
A45: 97914990581 | B45: A.S.D. CROSSFIT4112 | C45: 0 | D45: 480 | E45: 1140 | F45: 1020
A46: 90125350562 | B46: A.S.D. CURA CALCIO | C46: 0 | D46: 2015 | E46: 3640 | F46: 2405
A47: 90069990597 | B47: A.S.D. DINAMO MINIBASKET ACADEMY | C47: 0 | D47: 2200 | E47: 3550 | F47: 4050
A48: 97735500585 | B48: A.S.D. DOLPHINS ANZIO BASEBALL | C48: 0 | D48: 180 | E48: 390 | F48: 360
A49: 97434300584 | B49: A.S.D. DON BOSCO NUOVO SALARIO | C49: 0 | D49: 3635 | E49: 10085 | F49: 14415
A50: 97752130589 | B50: A.S.D. e CULTURALE PER IL BENESSERE PSICOFISICO FATE E SAMURAI | C50: 0 | D50: 1480 | E50: 2360 | F50: 2440
A51: 91178240593 | B51: A.S.D. EDDI | C51: 35 | D51: 560 | E51: 805 | F51: 945
A52: 90140620569 | B52: A.S.D. EDEN 2.0 | C52: 0 | D52: 0 | E52: 0 | F52: 0
A53: 16781241001 | B53: A.S.D. F.C. GRIFONE SOCCER | C53: 0 | D53: 6238 | E53: 9827 | F53: 7450
... A86: 97414090585 | B86: A.S.DILETTANTISTICA CULTURALE RICREATIVA BUSHI FITNESS | C86: 0 | D86: 2100 | E86: 4440 | F86: 5520
A87: 12129281007 | B87: A.S.Dilettantistica Daily Sport | C87: 0 | D87: 4226 | E87: =8869+630 -> 9499 | F87: 4674
A88: 90060120590 | B88: A.S.DILETTANTISTICA DANCE GINNASTICA FIT | C88: 0 | D88: 2150 | E88: 4300 | F88: 5450
A89: 97847030588 | B89: A.S.DILETTANTISTICA DOG SCHOOL | C89: 0 | D89: 640 | E89: 800 | F89: 1120
A90: 91031950602 | B90: A.S.Dilettantistica EASY DRIVE | C90: 0 | D90: 0 | E90: 0 | F90: 3500
A91: 97787010582 | B91: A.S.DILETTANTISTICA EPOMEO ROMA | C91: 0 | D91: 2970 | E91: 4565 | F91: 5335
A92: 92071350604 | B92: A.S.DILETTANTISTICA FISIOGYM CLUB | C92: 0 | D92: 2800 | E92: 6200 | F92: 6700
A93: 96407310588 | B93: A.S.Dilettantistica Follis Roma | C93: 0 | D93: 210 | E93: 510 | F93: 540
A94: 90011040608 | B94: A.S.DILETTANTISTICA GYM PLANET CASSINO | C94: 0 | D94: 840 | E94: 1400 | F94: 1960
A95: 91109850593 | B95: A.S.Dilettantistica Il Tempio degli Atleti | C95: 0 | D95: 2750 | E95: 4000 | F95: 4450
A96: 91132490599 | B96: A.S.DILETTANTISTICA JUDO APRILIA | C96: 0 | D96: 630 | E96: 840 | F96: 700
A97: 90152750569 | B97: A.S.DILETTANTISTICA JUDO CIVITA CASTELLANA | C97: 0 | D97: 0 | E97: 1815 | F97: 1485
A98: 91145600598 | B98: A.S.DILETTANTISTICA JUDO SHIHAN | C98: 0 | D98: 700 | E98: 1260 | F98: 840
A99: 90096780573 | B99: A.S.DILETTANTISTICA KAIZEN KARATE - DO RIETI | C99: 0 | D99: 1045 | E99: 1650 | F99: 1925
... A106: 90027700591 | B106: A.S.DILETTANTISTICA OLIMPIC MARINA | C106: 0 | D106: 2900 | E106: 4650 | F106: 5250
A107: 96567270580 | B107: A.S.DILETTANTISTICA OLIMPO SPORTING CLUB | C107: 0 | D107: 1800 | E107: =3660+180 -> 3840 | F107: 4260
A108: 90081020571 | B108: A.S.Dilettantistica Polisportiva LArdiglione | C108: 0 | D108: 800 | E108: 1400 | F108: 800
A109: 96135330585 | B109: A.S.Dilettantistica Roma Otto Team | C109: 0 | D109: 10500 | E109: 500 | F109: 0
A110: 97792880581 | B110: A.S.DILETTANTISTICA SHIAI CLUB | C110: 0 | D110: 540 | E110: 1200 | F110: 1320
A111: 97828590584 | B111: A.S.Dilettantistica SPORT DREAM and POWER | C111: 140 | D111: 1720 | E111: 2380 | F111: 2620
A112: 92097020603 | B112: A.S.DILETTANTISTICA STUDIO CROSS TRAINING 2.0 | C112: 0 | D112: 1000 | E112: 1700 | F112: 2500
A113: 90075500596 | B113: A.S.DILETTANTISTICA TAEKWONDOFIRE DI MANNO | C113: 0 | D113: 100 | E113: 0 | F113: 0
A114: 90071150594 | B114: A.S.Dilettantistica Team Polidoro | C114: 0 | D114: 1050 | E114: 2000 | F114: 2600
A115: 2343980591 | B115: A.S.DILETTANTISTICA TOMARI-TE | C115: 0 | D115: 3960 | E115: 6880 | F115: 7280
A116: 16606981005 | B116: A.S.DILETTANTISTICA TRUST | C116: 0 | D116: 3580 | E116: 8855 | F116: 8580
A117: 95025070582 | B117: A.S.Dilettantistica Virtus Montefortino | C117: 0 | D117: 360 | E117: 630 | F117: 930
A118: 97479610582 | B118: A.S.DILETTANTISTICA VIRTUS TRIGORIA | C118: 0 | D118: 1560 | E118: 4349 | F118: 4959
A119: 91076460582 | B119: A.S.Dilettantistica Volley Academy Civitavecchia | C119: 0 | D119: 2070 | E119: 4680 | F119: 5175
... A122: 97667530584 | B122: A.S.DILETTANTISTICA.C.R. SPORTLAB - APS | C122: 0 | D122: 6050 | E122: 4850 | F122: 700
A123: 91118680593 | B123: A.S.K.S. - ASSOCIAZIONE SPORTIVA DILETTANTISTICA | C123: 0 | D123: 2150 | E123: =3550+300 -> 3850 | F123: 5300
A124: 16158591004 | B124: ACADEMY CASALOTTI | C124: 0 | D124: 2640 | E124: 5940 | F124: 7200
A125: 90081740590 | B125: ACADEMY FORMIA CALCIO ASSOCIAZIONE SPORTIVA DILETTANTISTICA | C125: 0 | D125: 540 | E125: 780 | F125: 780
A126: 92084290607 | B126: ACADEMY SM FERENTINO | C126: 250 | D126: 1300 | E126: 3700 | F126: 1200
A127: 16920101009 | B127: ACCADEMIA DELLO SPORT L`ARCO S.S.D. A R.L. | C127: 0 | D127: 5250 | E127: 11720 | F127: 8120
A128: 2661900601 | B128: ACCADEMIA FROSINONE SCSRL | C128: 0 | D128: 7565 | E128: 15385 | F128: 2805
A129: 91169900593 | B129: ACCADEMIA PUGILISTICA LEONE ASSOCIAZIONE SPORTIVA DILETTANTISTICA | C129: 0 | D129: 2450 | E129: 5250 | F129: 6050
A130: 90088600573 | B130: ACCADEMIACALCIO SABINA SL | C130: 0 | D130: 2300 | E130: 4300 | F130: 4850
A131: 17650601002 | B131: ACR FOOTBALL CLUB SSD ARL | C131: 0 | D131: 11400 | E131: 22895 | F131: 3800
A132: 2090180569 | B132: ACTIVE SPACE S.S.DILETTANTISTICA SRL | C132: 0 | D132: 950 | E132: 2600 | F132: 2950
A133: 15037961008 | B133: AEMME S.S.DILETTANTISTICA A R.L. | C133: 0 | D133: 2000 | E133: 0 | F133: 0
A134: 2360550566 | B134: AGRISPORT VILLAGE SUTRI SPD SRL | C134: 0 | D134: 0 | E134: 2890 | F134: 6085
A135: 97440450589 | B135: ALETESS RIANO A.S. DILETTANTISTICA | C135: 0 | D135: 1500 | E135: 3100 | F135: 4000
... A159: 17776481008 | B159: ASD BAILA TAM TAM | C159: 0 | D159: 1400 | E159: 2310 | F159: 2380
A160: 97560790582 | B160: ASD BASKET TORRE MAURA | C160: 0 | D160: 2589 | E160: =4778+138 -> 4916 | F160: 5589
A161: 95049700586 | B161: ASD CENTRO EQUESTRE OLIMPIA | C161: 0 | D161: 3000 | E161: 2000 | F161: 0
A162: 91178600598 | B162: ASD Centro Equestre Scuderia 55 | C162: 0 | D162: 1280 | E162: 640 | F162: 0
A163: 93029210585 | B163: ASD CIRCOLO IPPICO FIORENTINO | C163: 0 | D163: 300 | E163: 600 | F163: 100
A164: 3156340592 | B164: ASD COMITATO PROVINCIALE FAIRPLAY LATINA | C164: 0 | D164: 0 | E164: 0 | F164: 0
A165: 90063030598 | B165: ASD FORTITUDO SCAURI | C165: 100 | D165: 4600 | E165: 8950 | F165: 9300
A166: 91170500598 | B166: ASD INTEAM LATINA APS ETS | C166: 0 | D166: 1890 | E166: 4500 | F166: 1620
A167: 96484250582 | B167: ASD ISUPPISTI | C167: 25 | D167: 100 | E167: 350 | F167: 300
A168: 91032550609 | B168: ASD KRYSOS GYM - ASSOCIAZIONE SPORTIVA DILETTANTISTICA | C168: 50 | D168: 1700 | E168: 3750 | F168: 4800
A169: 96499390589 | B169: ASD LE LINCI RUGBY ROMA | C169: 0 | D169: 950 | E169: 2250 | F169: 2600
A170: 90143520568 | B170: asd lo zucchero filato aps | C170: 0 | D170: 480 | E170: 2080 | F170: 160
A171: 10998561004 | B171: ASD M.R. SPORT DEI FRATELLI MARCONI | C171: 0 | D171: 1025 | E171: 3740 | F171: 1385
A172: 1824160608 | B172: ASD N.B.A. Nuovo Basket Alatri | C172: 0 | D172: 4345 | E172: 10725 | F172: 12870
... A182: 90061870581 | B182: ASD SPORTING PAVONA | C182: 0 | D182: 13920 | E182: 960 | F182: 0
A183: 1085740577 | B183: ASD Tempusport | C183: 0 | D183: 200 | E183: =300+150 -> 450 | F183: 2400
A184: 90070510590 | B184: ASD UNITED SAN LORENZO-CASTELFORTE | C184: 1450 | D184: 7150 | E184: 8850 | F184: 8700
A185: 91032890609 | B185: ASD VALCOMINO BASKET | C185: 0 | D185: 560 | E185: 1320 | F185: 1600
A186: 1942670595 | B186: ASD VIRTUS BASKET APRILIA | C186: 0 | D186: 1680 | E186: 5100 | F186: 5640
A187: 90010970599 | B187: ASD. C.S. LA FONTANA | C187: 0 | D187: 0 | E187: 0 | F187: 0
A188: 90083110586 | B188: ASDC BELLY DANCE ITALY APS ETS | C188: 0 | D188: 0 | E188: 0 | F188: 0
A189: 97940610583 | B189: ASDILETTANTISTICA AVUSGYM | C189: 0 | D189: 550 | E189: 750 | F189: 850
A190: 90067950593 | B190: ASDILETTANTISTICA AM JOYDANCE | C190: 0 | D190: 2480 | E190: 4320 | F190: 5600
A191: 97752020582 | B191: ASDILETTANTISTICA ARTE IN MOVIMENTO | C191: 0 | D191: 2975 | E191: 7350 | F191: 3770
A192: 90067920596 | B192: ASDILETTANTISTICA CENTRO DANZA RENVERSE | C192: 800 | D192: 2800 | E192: 3960 | F192: 4040
A193: 90060450591 | B193: ASDILETTANTISTICA DANCE &FIT CENTER | C193: 0 | D193: 1700 | E193: 3200 | F193: 3550
A194: 96435770589 | B194: ASDILETTANTISTICA FOUR DANCE | C194: 0 | D194: 450 | E194: 2100 | F194: 1200
A195: 92000380581 | B195: ASDILETTANTISTICA FRASCATI SCHERMA | C195: 0 | D195: 25000 | E195: 2000 | F195: 500
... A225: 97449650585 | B225: ASSOCIAZIONE SPORTIVA DILETTANTISTICA BAREFOOT | C225: 0 | D225: 500 | E225: 0 | F225: 0
A226: 90082640583 | B226: ASSOCIAZIONE SPORTIVA DILETTANTISTICA BASKETBALL CLUB MARINO LIONS | C226: 0 | D226: 2760 | E226: =6240+180 -> 6420 | F226: 7500
...

Sheet File Pagamenti 22
A1: PROGRESSIVO | B1: CODICE FISCALE ASD | C1: NOMINATIVO ASD | D1: Importo complessivo da erogare Tranche del 31.03.2026
A2: 84 | B2: 12129281007 | C2: A.S.Dilettantistica Daily Sport | D2: =8869+630 -> 9499
A3: 273 | B3: 93011890584 | C3: Associazione Sportiva Dilettantistica Stella Blu Zagarolo | D3: 2625
A4: 347 | B4: 5838551009 | C4: CENTRO SPORTIVO LE CUPOLE SSD A Responsabilità Limitata | D4: 20095
A5: 554 | B5: 17313661005 | C5: S.S.Dilettantistica E.L.F.F. Sporting s.r.l. | D5: 17145
A6: 1066 | B6: 15445901000 | C6: ASSOCIAZIONE SPORTIVA DILETTANTISTICA SURF BEAT ANZIO | D6: 375
A7: 1403 | B7: 13111631001 | C7: SS DILETTANTISTICA TC PARCO DEGLI ACQUEDOTTI R.L. | D7: 135
A8: 1484 | B8: 04355401003 | C8: TEVERE GOLF TIRRENIA SSD A R.L. | D8: 1000
A9: 1481 | B9: 02566250599 | C9: A.S.D. POLISPORTIVA GAETA | D9: 2250
D10: =SUM(D2:D9) -> 53124

Sheet File Pagamenti 1
A1: Voucher Lazio - Erogazione Contributi ASD
A3: PROGRESSIVO | B3: CODICE FISCALE ASD | C3: NOMINATIVO ASD | D3: Ottenimento DURC I Tranche | E3: Scadenza DURC | F3: Ottenimento Verifica Equitalia | G3: Importo complessivo da erogare Tranche del 31.12.2025
A4: 1 | B4: 95038790580 | C4: ASSOCIAZIONE SPORTIVA DILETTANTISTICA DANCE IN PROGRESS | D4: a | E4: Non Disponibile | F4: N/A | G4: 1620
A5: 2 | B5: 11521311008 | C5: Professione Fitness SSD SRL | D5: a | E5: 46112 | F5: N/A | G5: 2565
A6: 3 | B6: 96426110589 | C6: #2.0 CENTRO AVVIAMENTO DANZA CLASSICA A.S. DILETTANTISTICA | D6: a | E6: Non effettuabile | F6: N/A | G6: 300
A7: 4 | B7: 97757010588 | C7: A. artistica didattica c. s. d. laltradanza | D7: a | E7: 46112 | F7: N/A | G7: 2700
A8: 5 | B8: 1013790595 | C8: A. DIL. BASKET ITRI | D8: a | E8: Non effettuabile | F8: N/A | G8: 2480
A9: 6 | B9: 92095090608 | C9: A. S. Dilettantistica LC Training | D9: a | E9: Non effettuabile | F9: N/A | G9: 1150
A10: 7 | B10: 9136911006 | C10: A.D. NEW NETTUNO BASKET CLUB | D10: a | E10: Non effettuabile | F10: N/A | G10: 3300
A11: 8 | B11: 1358680567 | C11: A.D.P. REAL AZZURRA | D11: a | E11: 46112 | F11: N/A | G11: 1880
A12: 9 | B12: 90053700598 | C12: A.D.S. S.C. ARCIERI DI SANTO STEFANO | D12: a | E12: Non effettuabile | F12: N/A | G12: 360
A13: 10 | B13: 7592821008 | C13: A.DIL. ALBANO BASKET CLUB | D13: a | E13: 46022 | F13: N/A | G13: 990
A14: 11 | B14: 90056550560 | C14: A.DIL. BASKET PEGASO | D14: a | E14: Non effettuabile | F14: N/A | G14: 2310
A15: 12 | B15: 3121700607 | C15: A.M.B. FROSINONE C5 | D15: a | E15: Non effettuabile | F15: N/A | G15: 1000
A16: 13 | B16: 96368830582 | C16: A.S. DILETTANTISTICA POPOLARE S. LORENZO | D16: a | E16: 46049 | F16: N/A | G16: 855
A17: 14 | B17: 96145390587 | C17: A.S. DILETTANTISTICA BANZAI CORTINA ROMA | D17: a | E17: 46022 | F17: N/A | G17: 3300
A18: 15 | B18: 91029980603 | C18: A.S. DILETTANTISTICA FISIO & FITNESS - HIP HOP ACADEMY | D18: a | E18: Non effettuabile | F18: N/A | G18: 3400
A19: 16 | B19: 96497420586 | C19: A.S. DILETTANTISTICA KARATE DOJO ROMA | D19: a | E19: Non effettuabile | F19: N/A | G19: 825
A20: 17 | B20: 96430950582 | C20: A.S. Dilettantistica Lazio Roller Skate | D20: a | E20: Non effettuabile | F20: N/A | G20: 950
A21: 18 | B21: 97700800580 | C21: A.S. Dilettantistica New Era Accademy | D21: a | E21: Non effettuabile | F21: N/A | G21: 2300
A22: 19 | B22: 96534010580 | C22: A.S. Dilettantistica Numicus | D22: a | E22: Non effettuabile | F22: N/A | G22: 900
A23: 20 | B23: 92023020602 | C23: A.S. DILETTANTISTICA PLANET SPORT | D23: a | E23: 46022 | F23: N/A | G23: 1800
A24: 22 | B24: 97297410587 | C24: A.S. Dilettantistica STELLA BLU PATTINAGGIO ARTISTICO | D24: a | E24: Non effettuabile | F24: N/A | G24: 440
A25: 23 | B25: 96529350587 | C25: A.S. DILETTANTISTICA STEP UP | D25: a | E25: Non effettuabile | F25: N/A | G25: 1050
A26: 24 | B26: 94092290587 | C26: A.S. DILETTANTISTICA TEAM MADE | D26: a | E26: Non effettuabile | F26: N/A | G26: 1700
A27: 25 | B27: 95020260584 | C27: A.S. Dilettantistica Tennistavolo Mitici Colleferro | D27: a | E27: Non effettuabile | F27: N/A | G27: 350
A28: 26 | B28: 91005010581 | C28: A.S. VOLLEY ALLUMIERE ASSOCIAZIONE " DILETTANTISTICA " | D28: a | E28: Non effettuabile | F28: N/A | G28: 775
A29: 28 | B29: 91174430594 | C29: A.S.D SABAUDIA ATHLETIC CLUB | D29: a | E29: Non effettuabile | F29: N/A | G29: 480
A30: 30 | B30: 2752250601 | C30: A.S.D. ACUL CECCANO OMNIA | D30: a | E30: 46022 | F30: N/A | G30: 3825
A31: 31 | B31: 4534971009 | C31: A.S.D. ANZIO BASKET CLUB | D31: a | E31: 46099 | F31: N/A | G31: 4740
A32: 32 | B32: 93030410588 | C32: A.S.D. ATLETICA CAVE | D32: a | E32: Non effettuabile | F32: a | G32: 6000
A33: 33 | B33: 5575941009 | C33: A.S.D. BASKET ANGUILLARA | D33: a | E33: Non effettuabile | F33: N/A | G33: 3420
A34: 34 | B34: 90030850599 | C34: A.S.D. BASKET CASSINO | D34: a | E34: 46022 | F34: N/A | G34: 2340
A35: 35 | B35: 9675621008 | C35: A.S.D. BASKET CASTORO | D35: a | E35: Non effettuabile | F35: N/A | G35: 660
A36: 36 | B36: 91155680597 | C36: A.S.D. BASKET CIRCEO 2012 | D36: a | E36: Non effettuabile | F36: N/A | G36: 600
A37: 37 | B37: 6104041006 | C37: A.S.D. BASKET SAN CESAREO | D37: a | E37: Non effettuabile | F37: N/A | G37: 2520
A38: 38 | B38: 96432450581 | C38: A.S.D. CASTELLI ROMANI CYCLING | D38: a | E38: Non effettuabile | F38: N/A | G38: 840
A39: 39 | B39: 90081050586 | C39: A.S.D. CIAMPACAVALLO AI CASTELLI ONLUS | D39: a | E39: Non effettuabile | F39: N/A | G39: 830
A40: 41 | B40: 90080240592 | C40: A.S.D. CITTA DI FORMIA CALCIO | D40: a | E40: 46022 | F40: a | G40: 6480
A41: 42 | B41: 97914990581 | C41: A.S.D. CROSSFIT4112 | D41: a | E41: Non effettuabile | F41: N/A | G41: 480
A42: 43 | B42: 90125350562 | C42: A.S.D. CURA CALCIO | D42: a | E42: Non effettuabile | F42: N/A | G42: 2015
A43: 44 | B43: 90069990597 | C43: A.S.D. DINAMO MINIBASKET ACADEMY | D43: a | E43: 46022 | F43: N/A | G43: 2200
A44: 45 | B44: 97735500585 | C44: A.S.D. DOLPHINS ANZIO BASEBALL | D44: a | E44: Non effettuabile | F44: N/A | G44: 180
A45: 46 | B45: 97434300584 | C45: A.S.D. DON BOSCO NUOVO SALARIO | D45: a | E45: Non effettuabile | F45: N/A | G45: 3635
A46: 47 | B46: 97752130589 | C46: A.S.D. e CULTURALE PER IL BENESSERE PSICOFISICO FATE E SAMURAI | D46: a | E46: Non effettuabile | F46: N/A | G46: 1480
A47: 48 | B47: 91178240593 | C47: A.S.D. EDDI | D47: a | E47: 46022 | F47: N/A | G47: 560
A48: 50 | B48: 16781241001 | C48: A.S.D. F.C. GRIFONE SOCCER | D48: a | E48: Non effettuabile | F48: a | G48: 6238
A49: 53 | B49: 97800230589 | C49: A.S.D. GIOCHIAMOLA SEMPRE | D49: a | E49: Non effettuabile | F49: a | G49: 5250
A50: 54 | B50: 97572950588 | C50: A.S.D. LIBERO SPORT | D50: a | E50: 46065 | F50: a | G50: 6790
A51: 55 | B51: 90078270569 | C51: A.S.D. LUCI E COLORI | D51: a | E51: 46022 | F51: N/A | G51: 1600
A52: 56 | B52: 92075090602 | C52: A.S.D. MALUMA MARTIAL ARTS | D52: a | E52: 46022 | F52: N/A | G52: 3000
A53: 57 | B53: 96605000585 | C53: A.S.D. MENTANA | D53: a | E53: 46022 | F53: N/A | G53: 2100
A54: 58 | B54: 2389030590 | C54: A.S.D. MONTELLO CALCIO | D54: a | E54: Non effettuabile | F54: a | G54: 6530
A55: 59 | B55: 97586610582 | C55: a.s.d. polyssportiva19 | D55: a | E55: 46022 | F55: N/A | G55: 300
A56: 60 | B56: 97460770585 | C56: A.S.D. Ponte di Nona | D56: a | E56: 46022 | F56: N/A | G56: 555
A57: 61 | B57: 5586881004 | C57: A.S.D. PORTUENSE 2001 | D57: a | E57: 46022 | F57: N/A | G57: 2580
A58: 62 | B58: 12468281006 | C58: A.S.D. PROCALCIO CECCHINA | D58: a | E58: 46022 | F58: N/A | G58: 1330
A59: 63 | B59: 92026560588 | C59: A.S.D. ROCCA BIKE | D59: a | E59: Non effettuabile | F59: N/A | G59: 1100
A60: 65 | B60: 6309721006 | C60: A.S.D. RUNNERS CIAMPINO | D60: a | E60: Non effettuabile | F60: N/A | G60: 600
A61: 66 | B61: 92028260609 | C61: A.S.D. SCUOLA BASKET FROSINONE | D61: a | E61: Non effettuabile | F61: N/A | G61: 1900
A62: 67 | B62: 8464451007 | C62: A.S.D. SKATING CLUB VELLETRI | D62: a | E62: 46022 | F62: N/A | G62: 2200
A63: 68 | B63: 1905780563 | C63: A.S.D. TARQUINIA CALCIO | D63: a | E63: 46022 | F63: N/A | G63: 2475
A64: 69 | B64: 2195750563 | C64: A.S.D. TENNIS ACADEMY COLLE DIANA | D64: a | E64: 46022 | F64: N/A | G64: 3000
A65: 70 | B65: 96582510580 | C65: A.S.D. TRIDENTE CALCIO | D65: a | E65: Non effettuabile | F65: N/A | G65: 4100
A66: 71 | B66: 94075170582 | C66: A.S.D. VILLALBA OCRES MOCA 1952 | D66: a | E66: Non effettuabile | F66: a | G66: 5400
A67: 72 | B67: 96599000583 | C67: A.S.D. WOMAN GRIFONE | D67: a | E67: Non effettuabile | F67: N/A | G67: 1029
A68: 73 | B68: 12018681002 | C68: A.S.D.PIANETA...DANZA | D68: a | E68: Non effettuabile | F68: N/A | G68: 250
A69: 74 | B69: 91144660593 | C69: A.S.D.Virtus Basket Pontinia | D69: a | E69: 46022 | F69: N/A | G69: 1320
A70: 75 | B70: 2339850592 | C70: A.S.DIL. BULL BASKET | D70: a | E70: Non effettuabile | F70: N/A | G70: 780
A71: 76 | B71: 97725790584 | C71: A.S.DILETTANTISTICA ANTHEA | D71: a | E71: Non effettuabile | F71: N/A | G71: 4110
A72: 78 | B72: 91123570599 | C72: A.S.DILETTANTISTICA ARTE E DANZA PETALI ROSA | D72: a | E72: 46022 | F72: N/A | G72: 975
A73: 80 | B73: 94079960582 | C73: A.S.DILETTANTISTICA BELIEVE FITNESS 2.0 | D73: a | E73: Non Disponibile | F73: N/A | G73: 1765
A74: 81 | B74: 90021620605 | C74: A.S.DILETTANTISTICA BODY BUILDING CLUB | D74: a | E74: 46112 | F74: N/A | G74: 1760
A75: 82 | B75: 14973721005 | C75: A.S.Dilettantistica Circo Svago | D75: a | E75: Non effettuabile | F75: N/A | G75: 150
A76: 83 | B76: 97414090585 | C76: A.S.DILETTANTISTICA CULTURALE RICREATIVA BUSHI FITNESS | D76: a | E76: 46022 | F76: N/A | G76: 2100
A77: 85 | B77: 90060120590 | C77: A.S.DILETTANTISTICA DANCE GINNASTICA FIT | D77: a | E77: 46022 | F77: N/A | G77: 2150
A78: 86 | B78: 97847030588 | C78: A.S.DILETTANTISTICA DOG SCHOOL | D78: a | E78: 46022 | F78: N/A | G78: 640
A79: 88 | B79: 97787010582 | C79: A.S.DILETTANTISTICA EPOMEO ROMA | D79: a | E79: 46022 | F79: N/A | G79: 2970
A80: 89 | B80: 92071350604 | C80: A.S.DILETTANTISTICA FISIOGYM CLUB | D80: a | E80: 46042 | F80: N/A | G80: 2800
A81: 91 | B81: 90011040608 | C81: A.S.DILETTANTISTICA GYM PLANET CASSINO | D81: a | E81: 46022 | F81: N/A | G81: 840
A82: 92 | B82: 91109850593 | C82: A.S.Dilettantistica Il Tempio degli Atleti | D82: a | E82: 46022 | F82: N/A | G82: 2750
A83: 93 | B83: 91132490599 | C83: A.S.DILETTANTISTICA JUDO APRILIA | D83: a | E83: Non effettuabile | F83: N/A | G83: 630
A84: 95 | B84: 91145600598 | C84: A.S.DILETTANTISTICA JUDO SHIHAN | D84: a | E84: Non effettuabile | F84: N/A | G84: 700
A85: 96 | B85: 90096780573 | C85: A.S.DILETTANTISTICA KAIZEN KARATE - DO RIETI | D85: a | E85: Non effettuabile | F85: N/A | G85: 1045
A86: 97 | B86: 96463920585 | C86: A.S.DILETTANTISTICA LACQUEDOTTO | D86: a | E86: Non effettuabile | F86: N/A | G86: 850
A87: 98 | B87: 97976720587 | C87: A.S.DILETTANTISTICA LE ARTI NEW SCHOOL DOJO SHOTOKAN NEW SCHOOL | D87: a | E87: 46022 | F87: N/A | G87: 1791
A88: 99 | B88: 96518210586 | C88: A.S.DILETTANTISTICA MANDRACCIO ROMA | D88: a | E88: Non effettuabile | F88: N/A | G88: 1500
A89: 100 | B89: 96585490582 | C89: A.S.DILETTANTISTICA MIDORI JUDO | D89: a | E89: Non effettuabile | F89: N/A | G89: 600
A90: 101 | B90: 90065490592 | C90: A.S.DILETTANTISTICA MOVE & JAM | D90: a | E90: Non effettuabile | F90: N/A | G90: 1110
A91: 102 | B91: 92080350603 | C91: A.S.Dilettantistica New Studio 3 | D91: a | E91: Non effettuabile | F91: N/A | G91: 4800
A92: 103 | B92: 90027700591 | C92: A.S.DILETTANTISTICA OLIMPIC MARINA | D92: a | E92: Non effettuabile | F92: N/A | G92: 2900
A93: 104 | B93: 96567270580 | C93: A.S.DILETTANTISTICA OLIMPO SPORTING CLUB | D93: a | E93: 46051 | F93: N/A | G93: 1800
A94: 105 | B94: 90081020571 | C94: A.S.Dilettantistica Polisportiva LArdiglione | D94: a | E94: Non effettuabile | F94: N/A | G94: 800
A95: 106 | B95: 96135330585 | C95: A.S.Dilettantistica Roma Otto Team | D95: a | E95: 46022 | F95: a | G95: 10500
A96: 107 | B96: 97792880581 | C96: A.S.DILETTANTISTICA SHIAI CLUB | D96: a | E96: Non effettuabile | F96: N/A | G96: 540
A97: 108 | B97: 97828590584 | C97: A.S.Dilettantistica SPORT DREAM and POWER | D97: a | E97: Non effettuabile | F97: N/A | G97: 1720
A98: 109 | B98: 92097020603 | C98: A.S.DILETTANTISTICA STUDIO CROSS TRAINING 2.0 | D98: a | E98: Non effettuabile | F98: N/A | G98: 1000
A99: 110 | B99: 90075500596 | C99: A.S.DILETTANTISTICA TAEKWONDOFIRE DI MANNO | D99: a | E99: 46022 | F99: N/A | G99: 100
A100: 111 | B100: 90071150594 | C100: A.S.Dilettantistica Team Polidoro | D100: a | E100: Non effettuabile | F100: N/A | G100: 1050
A101: 112 | B101: 2343980591 | C101: A.S.DILETTANTISTICA TOMARI-TE | D101: a | E101: Non effettuabile | F101: N/A | G101: 3960
...

Sheet File Pagamenti 2
A1: PROGRESSIVO | B1: CODICE FISCALE ASD | C1: NOMINATIVO ASD | D1: Importo complessivo da erogare Tranche del 31.12.2025
A2: 64 | B2: 6243191001 | C2: A.S.D. ROMA EUR | D2: 1008
A3: 90 | B3: 96407310588 | C3: A.S.Dilettantistica Follis Roma | D3: 210
A4: 146 | B4: 97716860586 | C4: AS DILETTANTISTICA DANCING CENTER | D4: 550
A5: 251 | B5: 16083751004 | C5: Associazione Sportiva Dilettantistica MARVEN GYM | D5: 3810
A6: 265 | B6: 97118140587 | C6: ASSOCIAZIONE SPORTIVA DILETTANTISTICA READY GO SPORT E CULTURA | D6: 872.5
A7: 361 | B7: 14568361001 | C7: CSAIN VELOCEMENTE ACADEMY | D7: 1485.05
A8: 408 | B8: 96021650583 | C8: G. CASTELLO | D8: 2200
A9: 422 | B9: 96604150589 | C9: HONEY FOOTBALL FRIENDS AS DILETTANTISTICA | D9: 1900
A10: 466 | B10: 91079530589 | C10: MARINA DI CERVETERI ASSOCIAZIONE SPORTIVA DILETTANTISTICA | D10: 400
A11: 475 | B11: 15751941004 | C11: MUNDIAL FOOTBALL CLUB S.S.DILETTANTISTICA arl | D11: 11270
A12: 478 | B12: 97615490584 | C12: NEA OSTIA RUGBY F.C. ASD | D12: 1330
A13: 592 | B13: 97978810584 | C13: SPORT LIFE AX#52 A.S.DILETTANTISTICA | D13: 720
... A34: 1435 | B34: 90080660575 | C34: TERMINILLO SKI ACADEMY ASSOCIAZIONE DILETTANTISTICA | D34: 0
A35: 1443 | B35: 97861480586 | C35: UNION REAL CASALETTO AS DILETTANTISTICA APS | D35: 900 | E35: IBAN ESTERO
D36: =SUM(D2:D35) -> 66290.85

Sheet File Pagamenti 3
A1: PROGRESSIVO | B1: CODICE FISCALE ASD | C1: NOMINATIVO ASD | D1: Importo complessivo da erogare Tranche del 30.09.2025 | E1: Importo complessivo da erogare Tranche del 31.12.2025
A2: 176 | B2: 97942900586 | C2: ASD RUGBY X ROMA 2017 | D2: 4000 | E2: 300
A3: 188 | B3: 97752020582 | C3: ASDILETTANTISTICA ARTE IN MOVIMENTO | D3: 0 | E3: 2975
A4: 209 | B4: 11366771001 | C4: ASSOCIAZIONE SPORTIVA DILETTANTISTICA ACCADEMIA DEL NUOTO-MARINO | D4: 0 | E4: 10120
A5: 467 | B5: 9038321007 | C5: MATRIX SOCIETA SPORTIVA DILETTANTISTICA | D5: 0 | E5: 9344
A6: 544 | B6: 2505140596 | C6: RUGBY CLUB LATINA ASD | D6: 0 | E6: 1845
A7: 610 | B7: 2082420569 | C7: SSD REAL FABRICA DI ROMA ARL | D7: 0 | E7: 250
A8: 663 | B8: 11596951001 | C8: WELLNESS CLUB S.S.DILETTANTISTICA A.R.L. | D8: 0 | E8: 1365
A9: 687 | B9: 97503060580 | C9: A.DILETTANTISTICA ROLLER ART | D9: 0 | E9: 1260
A10: 731 | B10: 97665910580 | C10: A.S.D. CENTRO EQUESTRE HORSE CLUB PIGNATELLI | D10: 0 | E10: 1350
A11: 1034 | B11: 91177390597 | C11: ASSOCIAZIONE SPORTIVA DILETTANTISTICA OLIVA FIGHT ACADEMY | D11: 0 | E11: 50
A12: 1114 | B12: 17717631000 | C12: CANOA CLUB CORTE DEI CONTI A.S.D. | D12: 0 | E12: 800
A13: 1180 | B13: 1255450577 | C13: FLEX ZONE S.S.DILETTANTISTICA ARL | D13: 0 | E13: 110
... A21: 1464 | B21: 17739311003 | C21: YOU CAN DANCE SSD ARL | D21: 0 | E21: 1170
D22: =SUM(D2:D21) -> 4000 | E22: =SUM(E2:E21) -> 47009

Sheet File Pagamenti 4
A1: PROGRESSIVO | B1: CODICE FISCALE ASD | C1: NOMINATIVO ASD | D1: Importo complessivo da erogare Tranche del 31.12.2025
A2: 79 | B2: 96301750582 | C2: A.S.Dilettantistica Atletico Talenti | D2: 2030
A3: 553 | B3: 4337401006 | C3: S.S.DILETTANTISTICA CASTELLI ROMANI A R.L. | D3: 6500
A4: 855 | B4: 96446930586 | C4: AS DILETTANTISTICA ACCADEMIA SPORTS ROMA | D4: 150
A5: 1461 | B5: 4725041000 | C5: VOLLEYBALL SANTA MONICA A.S.DILETTANTISTICA | D5: 3984
D6: =SUM(D2:D5) -> 12664

Sheet File Pagamenti 5
A1: PROGRESSIVO | B1: CODICE FISCALE ASD | C1: NOMINATIVO ASD | D1: Importo complessivo da erogare Tranche del 31.12.2025
A2: 1119 | B2: 97759540582 | C2: CDP LA FENICE PALLAVOLO ASSOCIAZIONE SPORTIVA DILETTANTISTICA | D2: 16000
D3: =SUM(D2:D2) -> 16000

Sheet File Pagamenti 6-9
A1: PROGRESSIVO | B1: CODICE FISCALE ASD | C1: NOMINATIVO ASD | D1: Importo complessivo da erogare Tranche del 31.12.2025
A2: 139 | B2: 6202711005 | C2: ANZIO CALCIO 1924 | D2: 10050
A3: 747 | B3: 4173621006 | C3: A.S.D. POL. PETRIANA | D3: 1840
A4: 1233 | B4: 97907470583 | C4: JU-JITSU BUDOKWAI A.S.DILETTANTISTICA | D4: 360
A5: 374 | B5: 5033591008 | C5: EMMECI SPORT SSD A R.L. | D5: 6726
A6: 910 | B6: 97896520588 | C6: ASD O.BALLET | D6: 1980
D7: =SUM(D2:D6) -> 20956

Sheet File Pagamenti 10
A1: PROGRESSIVO | B1: CODICE FISCALE ASD | C1: NOMINATIVO ASD | D1: Importo complessivo da erogare Tranche del 31.12.2025
A2: 129 | B2: 2090180569 | C2: ACTIVE SPACE S.S.DILETTANTISTICA SRL | D2: 950
A3: 1429 | B3: 2404090561 | C3: TARQUINIA SWIMMING & FITNESS CLUB SSD ARL | D3: 2165
D4: =SUM(D2:D3) -> 3115

Sheet File Pagamenti 11
A1: PROGRESSIVO | B1: CODICE FISCALE ASD | C1: NOMINATIVO ASD | D1: Importo complessivo da erogare Tranche del 31.12.2025
A2: 77 | B2: 91101630597 | C2: A.S.Dilettantistica ANXUR - TERRACINA | D2: 28560
A3: 347 | B3: 5838551009 | C3: CENTRO SPORTIVO LE CUPOLE SSD A Responsabilità Limitata | D3: 10070
A4: 1310 | B4: 15331641009 | C4: POMEZIA CALCIO 1957 | D4: 5580
A5: 1325 | B5: 10659671001 | C5: ROCCA PRIORA RDP CALCIO | D5: 9000
D6: =SUM(D2:D5) -> 53210

Sheet File Pagamenti 12
A1: PROGRESSIVO | B1: CODICE FISCALE ASD | C1: NOMINATIVO ASD | D1: Importo complessivo da erogare Tranche del 31.12.2025
A2: 29 | B2: 97852040589 | C2: A.S.D. ACADEMY GRIFONE | D2: 6059
D3: =SUM(D2:D2) -> 6059

Sheet Check IBAN Primo Flusso
A1: CODICE FISCALE / P. IVA | B1: PROGESSIVO | C1: NOME ASD | D1: IBAN | E1: DATA VERIFICA | F1: ORA VERIFICA | G1: ESITO
A2: 11521311008 | B2: 2 | C2: Professione Fitness SSD SRL | D2: IT92R0869338890000000510225 | E2: 46093 | F2: 09:55 | G2: Banca non aderente al servizio
A3: 97757010588 | B3: 4 | C3: A. artistica didattica c. s. d. laltradanza | D3: IT03O0312403202000000233371 | E3: 46093 | F3: 09:55 | G3: Banca non aderente al servizio
A4: 03121700607 | B4: 12 | C4: A.M.B. FROSINONE C5 | D4: IT47T0529714801CC1030075020 | E4: 46093 | F4: 09:55 | G4: Banca non aderente al servizio
A5: 96497420586 | B5: 16 | C5: A.S. DILETTANTISTICA KARATE DOJO ROMA | D5: IT97R0503403279000000007637 | E5: 46093 | F5: 09:55 | G5: Non associato
A6: 90030850599 | B6: 34 | C6: A.S.D. BASKET CASSINO | D6: IT09X0529774370CC1080022546 | E6: 46093 | F6: 09:55 | G6: Banca non aderente al servizio
A7: 90081050586 | B7: 39 | C7: A.S.D. CIAMPACAVALLO AI CASTELLI ONLUS | D7: IT61H0895139130000000352168 | E7: 46093 | F7: 09:55 | G7: Banca non aderente al servizio
A8: 90069990597 | B8: 44 | C8: A.S.D. DINAMO MINIBASKET ACADEMY | D8: IT64R0529673970CC0000020779 | E8: 46093 | F8: 09:55 | G8: Banca non aderente al servizio
A9: 97735500585 | B9: 45 | C9: A.S.D. DOLPHINS ANZIO BASEBALL | D9: IT96V0869338890000000515388 | E9: 46093 | F9: 09:55 | G9: Banca non aderente al servizio
A10: 96605000585 | B10: 57 | C10: A.S.D. MENTANA | D10: IT35I0622039190000001001439 | E10: 46093 | F10: 09:56 | G10: Banca non aderente al servizio
A11: 02339850592 | B11: 75 | C11: A.S.DIL. BULL BASKET | D11: IT03Z0344114702CC0210521525 | E11: 46093 | F11: 09:56 | G11: Banca non aderente al servizio
A12: 94079960582 | B12: 80 | C12: A.S.DILETTANTISTICA BELIEVE FITNESS 2.0 | D12: IT96B0542439450000001000401 | E12: 46093 | F12: 09:56 | G12: Banca non aderente al servizio
A13: 96407310588 | B13: 90 | C13: A.S.Dilettantistica Follis Roma | D13: IT08C0503403304000000003514 | E13: 46093 | F13: 09:56 | G13: Non associato
... A183: 96421560580 | B183: 1501 | C183: Tsunami Surfing School A.S.Dilettantistica | D183: IT92P0200805294000421055656 | E183: 46093 | F183: 10:21 | G183: Non associato

Sheet File Pagamenti 13
A1: PROGRESSIVO | B1: CODICE FISCALE ASD | C1: NOMINATIVO ASD | D1: Importo complessivo da erogare Tranche del 31.03.2026
A2: 1 | B2: 95038790580 | C2: ASSOCIAZIONE SPORTIVA DILETTANTISTICA DANCE IN PROGRESS | D2: 4140
A3: 3 | B3: 96426110589 | C3: #2.0 CENTRO AVVIAMENTO DANZA CLASSICA A.S. DILETTANTISTICA | D3: 900
A4: 4 | B4: 97757010588 | C4: A. artistica didattica c. s. d. laltradanza | D4: 6800
A5: 5 | B5: 1013790595 | C5: A. DIL. BASKET ITRI | D5: 5040
A6: 6 | B6: 92095090608 | C6: A. S. Dilettantistica LC Training | D6: 2500
A7: 8 | B7: 1358680567 | C7: A.D.P. REAL AZZURRA | D7: 5145
A8: 9 | B8: 90053700598 | C8: A.D.S. S.C. ARCIERI DI SANTO STEFANO | D8: 720
A9: 10 | B9: 7592821008 | C9: A.DIL. ALBANO BASKET CLUB | D9: 2970
A10: 11 | B10: 90056550560 | C10: A.DIL. BASKET PEGASO | D10: 4785
A11: 12 | B11: 3121700607 | C11: A.M.B. FROSINONE C5 | D11: 1000
A12: 13 | B12: 96368830582 | C12: A.S. DILETTANTISTICA POPOLARE S. LORENZO | D12: 1845
A13: 14 | B13: 96145390587 | C13: A.S. DILETTANTISTICA BANZAI CORTINA ROMA | D13: 6240
... A34: 37 | B34: 6104041006 | C34: A.S.D. BASKET SAN CESAREO | D34: 4160
A35: 38 | B35: 96432450581 | C35: A.S.D. CASTELLI ROMANI CYCLING | D35: =1610+210 -> 1820
A36: 39 | B36: 90081050586 | C36: A.S.D. CIAMPACAVALLO AI CASTELLI ONLUS | D36: 2620
A37: 41 | B37: 90080240592 | C37: A.S.D. CITTA DI FORMIA CALCIO | D37: 13500
A38: 42 | B38: 97914990581 | C38: A.S.D. CROSSFIT4112 | D38: 1140
A39: 43 | B39: 90125350562 | C39: A.S.D. CURA CALCIO | D39: 3640
A40: 44 | B40: 90069990597 | C40: A.S.D. DINAMO MINIBASKET ACADEMY | D40: 3550
A41: 45 | B41: 97735500585 | C41: A.S.D. DOLPHINS ANZIO BASEBALL | D41: 390
A42: 46 | B42: 97434300584 | C42: A.S.D. DON BOSCO NUOVO SALARIO | D42: 10085
A43: 47 | B43: 97752130589 | C43: A.S.D. e CULTURALE PER IL BENESSERE PSICOFISICO FATE E SAMURAI | D43: 2360
A44: 48 | B44: 91178240593 | C44: A.S.D. EDDI | D44: 805
A45: 50 | B45: 16781241001 | C45: A.S.D. F.C. GRIFONE SOCCER | D45: 9827
A46: 51 | B46: 3164590600 | C46: A.S.D. FD ACCADEMIA CALCIO | D46: 2520
A47: 53 | B47: 97800230589 | C47: A.S.D. GIOCHIAMOLA SEMPRE | D47: 11250
... A90: 102 | B90: 92080350603 | C90: A.S.Dilettantistica New Studio 3 | D90: 5550
A91: 104 | B91: 96567270580 | C91: A.S.DILETTANTISTICA OLIMPO SPORTING CLUB | D91: =3660+180 -> 3840
A92: 105 | B92: 90081020571 | C92: A.S.Dilettantistica Polisportiva LArdiglione | D92: 1400
A93: 106 | B93: 96135330585 | C93: A.S.Dilettantistica Roma Otto Team | D93: 500
A94: 107 | B94: 97792880581 | C94: A.S.DILETTANTISTICA SHIAI CLUB | D94: 1200
A95: 108 | B95: 97828590584 | C95: A.S.Dilettantistica SPORT DREAM and POWER | D95: 2380
A96: 109 | B96: 92097020603 | C96: A.S.DILETTANTISTICA STUDIO CROSS TRAINING 2.0 | D96: 1700
A97: 111 | B97: 90071150594 | C97: A.S.Dilettantistica Team Polidoro | D97: 2000
A98: 112 | B98: 2343980591 | C98: A.S.DILETTANTISTICA TOMARI-TE | D98: 6880
A99: 113 | B99: 16606981005 | C99: A.S.DILETTANTISTICA TRUST | D99: 8855
A100: 114 | B100: 95025070582 | C100: A.S.Dilettantistica Virtus Montefortino | D100: 630
A101: 115 | B101: 97479610582 | C101: A.S.DILETTANTISTICA VIRTUS TRIGORIA | D101: 4349
A102: 116 | B102: 91076460582 | C102: A.S.Dilettantistica Volley Academy Civitavecchia | D102: 4680
A103: 117 | B103: 1146610579 | C103: A.S.DILETTANTISTICA XTREME GYM | D103: 4140
... A105: 119 | B105: 97667530584 | C105: A.S.DILETTANTISTICA.C.R. SPORTLAB - APS | D105: 4850
A106: 120 | B106: 91118680593 | C106: A.S.K.S. - ASSOCIAZIONE SPORTIVA DILETTANTISTICA | D106: =3550+300 -> 3850
A107: 121 | B107: 16158591004 | C107: ACADEMY CASALOTTI | D107: 5940
A108: 122 | B108: 90081740590 | C108: ACADEMY FORMIA CALCIO ASSOCIAZIONE SPORTIVA DILETTANTISTICA | D108: 780
A109: 123 | B109: 92084290607 | C109: ACADEMY SM FERENTINO | D109: 3700
A110: 125 | B110: 2661900601 | C110: ACCADEMIA FROSINONE SCSRL | D110: 15385
A111: 126 | B111: 91169900593 | C111: ACCADEMIA PUGILISTICA LEONE ASSOCIAZIONE SPORTIVA DILETTANTISTICA | D111: 5250
A112: 127 | B112: 90088600573 | C112: ACCADEMIACALCIO SABINA SL | D112: 4300
A113: 128 | B113: 17650601002 | C113: ACR FOOTBALL CLUB SSD ARL | D113: 22895
A114: 129 | B114: 2090180569 | C114: ACTIVE SPACE S.S.DILETTANTISTICA SRL | D114: 2600
A115: 131 | B115: 2360550566 | C115: AGRISPORT VILLAGE SUTRI SPD SRL | D115: 2890
A116: 132 | B116: 97440450589 | C116: ALETESS RIANO A.S. DILETTANTISTICA | D116: 3100
A117: 133 | B117: 14875051006 | C117: ALFA FIT SOCIETA SPORTIVA DILETTANTISTICA A R.L. | D117: 860
A118: 134 | B118: 6957950584 | C118: ALMA NUOTO - S.S.D. A R.L. | D118: 24118
... A137: 156 | B137: 17776481008 | C137: ASD BAILA TAM TAM | D137: 2310
A138: 157 | B138: 97560790582 | C138: ASD BASKET TORRE MAURA | D138: =4778+138 -> 4916
A139: 158 | B139: 95049700586 | C139: ASD CENTRO EQUESTRE OLIMPIA | D139: 2000
A140: 159 | B140: 91178600598 | C140: ASD Centro Equestre Scuderia 55 | D140: 640
A141: 160 | B141: 93029210585 | C141: ASD CIRCOLO IPPICO FIORENTINO | D141: 600
A142: 162 | B142: 90063030598 | C142: ASD FORTITUDO SCAURI | D142: 8950
A143: 163 | B143: 91170500598 | C143: ASD INTEAM LATINA APS ETS | D143: 4500
A144: 164 | B144: 96484250582 | C144: ASD ISUPPISTI | D144: 350
A145: 165 | B145: 91032550609 | C145: ASD KRYSOS GYM - ASSOCIAZIONE SPORTIVA DILETTANTISTICA | D145: 3750
A146: 166 | B146: 96499390589 | C146: ASD LE LINCI RUGBY ROMA | D146: 2250
A147: 167 | B147: 90143520568 | C147: asd lo zucchero filato aps | D147: 2080
A148: 168 | B148: 10998561004 | C148: ASD M.R. SPORT DEI FRATELLI MARCONI | D148: 3740
A149: 169 | B149: 1824160608 | C149: ASD N.B.A. Nuovo Basket Alatri | D149: 10725
A150: 170 | B150: 96572510582 | C150: ASD NISSOLINO OSTIA ATLETICA | D150: 5995
... A199: 236 | B199: 91076340586 | C199: ASSOCIAZIONE SPORTIVA DILETTANTISTICA EQUIHEART | D199: 5075
A200: 237 | B200: 2178720591 | C200: ASSOCIAZIONE SPORTIVA DILETTANTISTICA F.K.L FULL KONTACT LATINA | D200: =3825+150 -> 3975
A201: 238 | B201: 97347100584 | C201: ASSOCIAZIONE SPORTIVA DILETTANTISTICA FIANO ROMANO | D201: 9840
A202: 239 | B202: 97657310583 | C202: ASSOCIAZIONE SPORTIVA DILETTANTISTICA FIGHT CO. A.P.S. - E.T.S. | D202: 1000
A203: 240 | B203: 90074870586 | C203: Associazione Sportiva Dilettantistica FRANCYS DANCE | D203: 1350
A204: 242 | B204: 90049420590 | C204: Associazione Sportiva Dilettantistica GIMNASYA SPORTING CLUB | D204: 3740
A205: 243 | B205: 97857730580 | C205: Associazione Sportiva Dilettantistica Ginnastica Heaven | D205: 14300
A206: 246 | B206: 90110700565 | C206: ASSOCIAZIONE SPORTIVA DILETTANTISTICA ISCHIA DI CASTRO VOLLEY | D206: 560
A207: 247 | B207: 97047820580 | C207: ASSOCIAZIONE SPORTIVA DILETTANTISTICA JUDO TUSCOLANO ROMA | D207: 3880
A208: 248 | B208: 1797960562 | C208: Associazione Sportiva Dilettantistica Juppiter Sport | D208: 9520
A209: 249 | B209: 96578230581 | C209: ASSOCIAZIONE SPORTIVA DILETTANTISTICA KICKBOXING ACADEMY ROMA | D209: 825
A210: 250 | B210: 90098730584 | C210: ASSOCIAZIONE SPORTIVA DILETTANTISTICA MARINO TRIAL ACADEMY | D210: 1650
A211: 251 | B211: 16083751004 | C211: Associazione Sportiva Dilettantistica MARVEN GYM | D211: 10110
A212: 252 | B212: 97481890586 | C212: ASSOCIAZIONE SPORTIVA DILETTANTISTICA MOTTA CAMASTRA | D212: 760
... A248: 297 | B248: 92078270607 | C248: Athena Associazione Sportiva Dilettantistica | D248: 3000
A249: 298 | B249: 12533071002 | C249: ATHENA SPORTING CLUB SSDarl | D249: =36125+570 -> 36695
A250: 299 | B250: 96596360584 | C250: ATLETI ROMANI ASSOCIAZIONE SPORTIVA DILETTANTISTICA | D250: 1440
A251: 300 | B251: 90073590599 | C251: ATLETICA MINTURNO SSD SRL | D251: 1750
A252: 301 | B252: 4331081002 | C252: ATLETICO 2000 | D252: 9900
A253: 302 | B253: 91071760580 | C253: ATLETICO CIVITAVECCHIA | D253: 1815
A254: 305 | B254: 12389751004 | C254: AURO GIN SOCIETA SPORTIVA DILETTANTISTICA | D254: 2210
A255: 306 | B255: 3211020593 | C255: AURORA FITNESS SSD SRL | D255: 2450.7
A256: 307 | B256: 3027760606 | C256: BACKSTAGE Società Sportiva Dilettantistica a r.l.s. | D256: 3380
A257: 308 | B257: 13268541003 | C257: Baila Dance SSD ARL | D257: 6500
A258: 310 | B258: 15778191005 | C258: BARBERI SPORTING CLUB S.S.D. A R.L. | D258: 605
A259: 311 | B259: 91156540592 | C259: BASKET ACADEMY SEZZE | D259: =2910+1120 -> 4030
A260: 314 | B260: 2882580604 | C260: BELLATOR FRUSINO S.S.DILETTANTISTICA a.r.l. | D260: 40950
A261: 315 | B261: 90146870564 | C261: BLERA | D261: 4350
A262: 316 | B262: 10994601002 | C262: BLOK BASKETBALL A.S.DILETTANTISTICA | D262: 2300
A263: 317 | B263: 91135690591 | C263: BODY PLANET SOCIETA SPORTIVA DILETTANTISTICA A RESPONSABILITA LIMITATA | D263: 3575
A264: 319 | B264: 97038110587 | C264: BORGO DON BOSCO | D264: 4680
...

Sheet File Pagamenti 14
A1: PROGRESSIVO | B1: CODICE FISCALE ASD | C1: NOMINATIVO ASD | D1: Importo complessivo da erogare Tranche del 31.03.2026
A2: 378 | B2: 97406770582 | C2: ENTE DEL TERZO SETTORE E ASSOCIAZIONE SPORTIVA DILETTANTISTICA FUSOLAB APS E ASD | D2: 177510
A3: 382 | B3: 12856641001 | C3: Eschilo 2 Sport In Progress S.S.Dilettantistica A R.L. | D3: 29103
A4: 386 | B4: 97028810584 | C4: EUROPA CIAMPINO ASSOCIAZIONE SPORTIVA DILETTANTISTICA | D4: 6150
A5: 387 | B5: 91154910599 | C5: EVOLUTION DANCE STUDIO ASSOCIAZIONE SPORTIVA DILETTANTISTICA | D5: 10320
A6: 388 | B6: 10698371001 | C6: EZIO SELLA ACADEMY | D6: 8745
A7: 393 | B7: 13631011007 | C7: FIN PLUS OSTIA SOCIETA SPORTIVA DILETTANTISTICA A r.l. | D7: 8990
A8: 401 | B8: 2948200593 | C8: FONDI CALCIO | D8: 15678
A9: 403 | B9: 96523840583 | C9: FORMELLO SPORT E RELAX ASD | D9: 6560
A10: 413 | B10: 97845180583 | C10: GORILLA | D10: 9403
A11: 414 | B11: 11524721005 | C11: GRIFONE CALCIO | D11: 18416
A12: 418 | B12: 17853481004 | C12: HARMONY CLUB Societa Sportiva Dilettantistica a responsabilità limitata | D12: 12945
A13: 422 | B13: 96604150589 | C13: HONEY FOOTBALL FRIENDS AS DILETTANTISTICA | D13: 6400
... A55: 557 | B55: 96431560588 | C55: S.S.DILETTANTISTICA FUTURA FITNESS a R.L. | D55: 7540
A56: 560 | B56: 2721220594 | C56: S.S.Dilettantistica SENSAZIONE FITNESS ARL | D56: =10015+570 -> 10585
A57: 562 | B57: 17954901009 | C57: S.S.DILETTANTISTICA SPORT CLUB LODI A.R.L. | D57: 5925
A58: 564 | B58: 11457141007 | C58: S.S.DILETTANTISTICA VITA - SRL | D58: =7260+180 -> 7440
A59: 567 | B59: 96158000586 | C59: SACRO CUORE ASSOCIAZIONE SPORTIVA DILETTANTISTICA | D59: 5700
A60: 572 | B60: 96228940589 | C60: SAXA RUBRA ASSOCIAZIONE SPORTIVA DILETTANTISTICA | D60: 6800
A61: 577 | B61: 96245140585 | C61: SIRIO SOCIETA SPORTIVA DILETTANTISTICA | D61: 5880
A62: 582 | B62: 8843441000 | C62: SOCIETA SPORTIVA DILETTANTISTICA 3 SPORT A RESPONSABILITA LIMITATA | D62: 6195
A63: 583 | B63: 2008320562 | C63: Società Sportiva Dilettantistica Inside Gym S.R.L. | D63: 5050
A64: 585 | B64: 2014870568 | C64: SOCIETÀ SPORTIVA DILETTANTISTICA ORIZZONTE BLU S.R.L | D64: 11060
A65: 590 | B65: 90049410609 | C65: SPORT ACADEMY ASD DILETTANTISTICA | D65: 5980
A66: 594 | B66: 7200281009 | C66: SPORT TEAM 2000 SOCIETA SPORTIVA DILETTANTISTICA | D66: 25463
A67: 596 | B67: 1671620605 | C67: SPORTFLY SOC.SPORTIVA DILETT. ARL | D67: 30200
A68: 598 | B68: 2667850602 | C68: SPORTING HEALTH CLUB S.S.DILETTANTISTICA ARL | D68: 7750
A69: 600 | B69: 12044091002 | C69: SPORTING SAN CESAREO | D69: 7800
A70: 605 | B70: 91018600592 | C70: SS. PIETRO E PAOLO | D70: 7000
... A169: 1345 | B169: 2039980566 | C169: S.S.DILETTANTISTICA LA VILLA SPORTING CLUB S.R.L | D169: 5329
A170: 1358 | B170: 14879211002 | C170: SCUOLA DEI LEONI | D170: =8515+195 -> 8710
A171: 1363 | B171: 97075740585 | C171: SEMPIONE ASSOCIAZIONE DILETTANTISTICA POLISPORTIVA | D171: 10944
A172: 1377 | B172: 10252101000 | C172: SOCIETA SPORTIVA DILETTANTISTICA NUOVA CAGIS SRL | D172: 14310
A173: 1380 | B173: 11447541001 | C173: Società Sportiva Dilettantistica Sport Academy Valle Dei Casali A Responsabilità Limitata | D173: 10530
A174: 1383 | B174: 17620691000 | C174: SPORT & MIND S.S.DILETTANTISTICA A.R.L | D174: 9300
A175: 1384 | B175: 7595831004 | C175: SPORT 2000 SSD ARL | D175: 15066
A176: 1391 | B176: 16819521002 | C176: SPORTING NUOTO LAURENTINO SOCIETA SPORTIVA DILETTANTISTICA A RESPONSABILITA LIMITATA | D176: 5760
A177: 1400 | B177: 8491680586 | C177: SS DILETTANTISTICA OLIMPIA 1 ARL | D177: 1885
A178: 1405 | B178: 97074770583 | C178: SSD ALGARVE ROMA TORRINO SRL | D178: 12200
A179: 1409 | B179: 17151481003 | C179: SSD THE VOLUME A.R.L. | D179: 22680
A180: 1423 | B180: 97810490587 | C180: SVS ROMA | D180: 32400
A181: 1429 | B181: 2404090561 | C181: TARQUINIA SWIMMING & FITNESS CLUB SSD ARL | D181: 5970
A182: 1437 | B182: 16337231001 | C182: TIBER SPORT CENTER S.S.Dilettantistica A R.L. | D182: 7320
... A187: 1461 | B187: 4725041000 | C187: VOLLEYBALL SANTA MONICA A.S.DILETTANTISTICA | D187: 9535
D188: =SUM(D2:D187) -> 2182033.8

Sheet File Pagamenti 15
A1: PROGRESSIVO | B1: CODICE FISCALE ASD | C1: NOMINATIVO ASD | D1: Importo complessivo da erogare Tranche del 31.12.2025
A2: 744 | B2: 97274550587 | C2: A.S.D. NUOTO VELA | D2: 5460
A3: 985 | B3: 97070910589 | C3: Associazione Sportiva Dilettantistica Centro Cultura Fisica Balduina | D3: 1185
A4: 1192 | B4: 11680661003 | C4: Ginnastica Civitavecchia Società Sportiva Dilettantistica A.R.L. | D4: 9895
A5: 1209 | B5: 90112590568 | C5: GYMMWELL ASSOCIAZIONE SPORTIVA DILETTANTISTICA | D5: 400
A6: 1251 | B6: 10042361005 | C6: LUPATELLI TENNIS ACADEMY AS DILETTANTISTICA | D6: 450
A7: 1371 | B7: 10218251006 | C7: SOCIETA SPORTIVA DILETTANTISTICA FREETIME SPORTING CLUB S.R.L. | D7: 275
A8: 1131 | B8: 91125440593 | C8: CISTERNA RUGBY ASD | D8: 480
A9: 1176 | B9: 16816901009 | C9: FITLAND S.S.DILETTANTISTICA A R.L. | D9: 130
A10: 1400 | B10: 8491680586 | C10: SS DILETTANTISTICA OLIMPIA 1 ARL | D10: 130
D11: =SUM(D2:D10) -> 18405

Sheet File Pagamenti 16
A1: PROGRESSIVO | B1: CODICE FISCALE ASD | C1: NOMINATIVO ASD | D1: Importo complessivo da erogare Tranche del 31.03.2026
A2: 2 | B2: 11521311008 | C2: Professione Fitness SSD SRL | D2: 3690
A3: 40 | B3: 91161230593 | C3: A.S.D. CIRCEO TEAM | D3: 2000
A4: 75 | B4: 2339850592 | C4: A.S.DIL. BULL BASKET | D4: 2015
A5: 103 | B5: 90027700591 | C5: A.S.DILETTANTISTICA OLIMPIC MARINA | D5: 4650
A6: 135 | B6: 16462121001 | C6: ALTERO BOXE SOCIETA SPORTIVA DILETTANTISTICA A R.L. | D6: 1500
A7: 147 | B7: 91028390606 | C7: AS DILETTANTISTICA FASHION DANCE | D7: 1200
A8: 192 | B8: 92000380581 | C8: ASDILETTANTISTICA FRASCATI SCHERMA | D8: 2000
A9: 219 | B9: 95053870580 | C9: ASSOCIAZIONE SPORTIVA DILETTANTISTICA ATLETICO CALCIO VALMONTONE 1921 | D9: 5180
A10: 244 | B10: 95003350584 | C10: Associazione Sportiva Dilettantistica Ginnastica Valmontone | D10: 13350
A11: 245 | B11: 95011080587 | C11: Associazione Sportiva Dilettantistica GR Xistos | D11: 8000
A12: 278 | B12: 90066260598 | C12: ASSOCIAZIONE SPORTIVA DILETTANTISTICA THE HORSE VILLAGE RAINO | D12: 1440
A13: 303 | B13: 95051280584 | C13: ATLETICO LARIANO | D13: 4000
... A66: 1382 | B66: 2843720604 | C66: SPORT & FITNESS S.S. DILETTANTISTICA SRL | D66: 14550
A67: 1443 | B67: 97861480586 | C67: UNION REAL CASALETTO AS DILETTANTISTICA APS | D67: 3360 | E67: IBAN ESTERO
A68: 1501 | B68: 96421560580 | C68: Tsunami Surfing School A.S.Dilettantistica | D68: 500
A69: 210 | B69: 94061250588 | C69: ASSOCIAZIONE SPORTIVA DILETTANTISTICA COLOSSEUM SPORTING CLUB | D69: 495
A70: 323 | B70: 97896230584 | C70: BUTTERFLY DANCE TO BE A.S.DILETTANTISTICA | D70: 4075
A71: 919 | B71: 15622181004 | C71: ASD PONY CLUB HOLLY TREE | D71: 400
D72: =SUM(D2:D71) -> 358821.59

Sheet File Pagamenti 17
A1: PROGRESSIVO | B1: CODICE FISCALE ASD | C1: NOMINATIVO ASD | D1: Importo complessivo da erogare Tranche del 31.12.2025
A2: 323 | B2: 97896230584 | C2: BUTTERFLY DANCE TO BE A.S.DILETTANTISTICA | D2: 1740
A3: 919 | B3: 15622181004 | C3: ASD PONY CLUB HOLLY TREE | D3: 2000
D4: =SUM(D2:D3) -> 3740

Sheet File Pagamenti 18
A1: PROGRESSIVO | B1: CODICE FISCALE ASD | C1: NOMINATIVO ASD | D1: Importo complessivo da erogare Tranche del 31.03.2026
A2: 124 | B2: 16920101009 | C2: ACCADEMIA DELLO SPORT L`ARCO S.S.D. A R.L. | D2: 11720
A3: 202 | B3: 11468081002 | C3: ASSOCIAZIONE 238 - ASSOCIAZIONE SPORTIVA DILETTANTISTICA | D3: 3320
A4: 223 | B4: 90082640583 | C4: ASSOCIAZIONE SPORTIVA DILETTANTISTICA BASKETBALL CLUB MARINO LIONS | D4: 6420
A5: 342 | B5: 97094350580 | C5: Centro Ippico La Giara ASD | D5: 6600
A6: 394 | B6: 9090771008 | C6: FIN PLUS SOCIETA SPORTIVA DILETTANTISTICA | D6: 12586
A7: 398 | B7: 3170420602 | C7: FITNESS ACADEMY Società Sportiva Dilettantistica a r.l. | D7: 11000
A8: 421 | B8: 80006480596 | C8: HERMADA | D8: 6780
A9: 436 | B9: 16558211005 | C9: JUVENIA GYMNASTIC SOCIETA SPORTIVA DILETTANTISTICA A R.L. | D9: 16858
A10: 437 | B10: 97112200585 | C10: JUVENTUS NUOTO ROMA A.R.L SOCIETA SPORTIVA DILETTANTISTICA | D10: 7936
A11: 469 | B11: 97723790586 | C11: MELAZZA RANCH ASSOCIAZIONE SPORTIVA DILETTANTISTICA | D11: 3600
A12: 546 | B12: 17038231001 | C12: S. S. DILETTANTISTICA GHIACCIO MEZZALUNA A R.L | D12: 5185
A13: 558 | B13: 14323121005 | C13: S.S.DILETTANTISTICA GYM TONIC A R.L. | D13: 1190
... A20: 1195 | B20: 15237441009 | C20: GMG S.S.Dilettantistica ar.l. | D20: 600
D21: =SUM(D2:D20) -> 130120

Sheet File Pagamenti 19
A1: PROGRESSIVO | B1: CODICE FISCALE ASD | C1: NOMINATIVO ASD | D1: Importo complessivo da erogare Tranche del 31.12.2025
A2: 1330 | B2: 97488310588 | C2: ROSE VOLLEY ROMA | D2: 42
D3: =SUM(D2:D2) -> 42

Sheet File Pagamenti 20
A1: PROGRESSIVO | B1: CODICE FISCALE ASD | C1: NOMINATIVO ASD | D1: Importo complessivo da erogare Tranche del 31.03.2026
A2: 60 | B2: 97460770585 | C2: A.S.D. Ponte di Nona | D2: 1245
A3: 67 | B3: 8464451007 | C3: A.S.D. SKATING CLUB VELLETRI | D3: 3700
A4: 197 | B4: 92039260580 | C4: ASDILETTANTISTICA MODART DANCE STUDIO | D4: 5040
A5: 282 | B5: 97389070588 | C5: Associazione sportiva dilettantistica Universo Danza | D5: 18200
A6: 288 | B6: 11989421000 | C6: ASSOCIAZIONE SPORTIVA DILETTANTISTICA VOLLEY FRIENDS ROMA | D6: 3850
A7: 318 | B7: 4559031002 | C7: BOREALE | D7: 7200
A8: 592 | B8: 97978810584 | C8: SPORT LIFE AX#52 A.S.DILETTANTISTICA | D8: 780
A9: 764 | B9: 5842461005 | C9: A.S.DIL. NOMEN ANGELS | D9: 840
A10: 811 | B10: 96453990580 | C10: A.S.DILETTANTISTICA POLISPORTIVA MAGICA | D10: 1150
A11: 973 | B11: 96461190587 | C11: ASSOCIAZIONE SPORTIVA DILETTANTISTICA ARTIS GYM EUR | D11: 8524.92
A12: 1413 | B12: 15377961006 | C12: SSDILETTANTISTICA ONEWAY SPORTS SSD A R.L. | D12: 2860
D13: =SUM(D2:D12) -> 53389.92

Sheet File Pagamenti 21
A1: PROGRESSIVO | B1: CODICE FISCALE ASD | C1: NOMINATIVO ASD | D1: Importo complessivo da erogare Tranche del 31.03.2026
A2: 365 | B2: 93022950583 | C2: DEA 2.2 Società Sportiva Dilettantistica A R L | D2: 3600
A3: 487 | B3: 6321121003 | C3: OCTOPUS SOCIETA SPORTIVA DILETTANTISTICA A RESPONSABILITA LIMITATA | D3: 16678
A4: 1101 | B4: 11826581008 | C4: BEACH VOLLEY ACADEMY S.S.DILETTANTISTICA A R.L. | D4: 5940
A5: 1370 | B5: 97032890580 | C5: Società Ginnico Sportiva Dilettantistica Eur a responsabilità limitata | D5: 7210
A6: 1432 | B6: 91183510592 | C6: ASD Sardegna Tennis Academy | D6: 840
A7: 1453 | B7: 90011320596 | C7: VIRTUS LENOLA | D7: 2280
D8: =SUM(D2:D7) -> 36548

Sheet File Pagamenti 23
A1: PROGRESSIVO | B1: CODICE FISCALE ASD | C1: NOMINATIVO ASD | D1: Importo complessivo da erogare Tranche del 31.12.2025
A2: 84 | B2: 12129281007 | C2: A.S.Dilettantistica Daily Sport | D2: 4226
D3: =SUM(D2:D2) -> 4226

Sheet File Pagamenti 24
A1: PROGRESSIVO | B1: CODICE FISCALE ASD | C1: NOMINATIVO ASD | D1: Importo complessivo da erogare Tranche del 31.03.2026
A2: 200 | B2: 90068980599 | C2: ASDILETTANTISTICA POLISPORTIVA ESKHARA BALLET ACADEMY | D2: 2320
A3: 304 | B3: 97894980586 | C3: ATLETICO TORRENOVA 1986 | D3: 11690
A4: 539 | B4: 97608020588 | C4: ROMA TEAM UP SSD | D4: 14500
A5: 630 | B5: 13096661007 | C5: TIBURTIX S.S.D. a R.L. | D5: 1750
A6: 784 | B6: 95043520584 | C6: A.S.DILETTANTISTICA EXE | D6: 2475
A7: 963 | B7: 5074210583 | C7: Associazione Sportiva Dilettantistica ROMA 12 | D7: 25784
A8: 1005 | B8: 90096990578 | C8: ASSOCIAZIONE SPORTIVA DILETTANTISTICA FIGHT LAB | D8: 300
A9: 1314 | B9: 10585071003 | C9: PRO CALCIO TOR SAPIENZA | D9: 7700
D10: =SUM(D2:D9) -> 66519

Sheet File Pagamenti 25
A1: PROGRESSIVO | B1: CODICE FISCALE ASD | C1: NOMINATIVO ASD | D1: Importo complessivo da erogare Tranche del 31.03.2026
A2: 653 | B2: 11061271000 | C2: VILLA YORK SPORTING CLUB SOCIETA SPORTIVA DILETTANTISTICA S.R.L. | D2: 29965
A3: 818 | B3: 97991830585 | C3: A.S.DILETTANTISTICA SHINSEI CLUB TRIGORIA | D3: 2330
A4: 942 | B4: 90070160594 | C4: ASDILETTANTISTICA POLISPORTIVA MARINA CENTRO SPORTING CLUB | D4: 780
A5: 1416 | B5: 15912241005 | C5: SSDILETTANTISTICA VIS | D5: 1258.18
D6: =SUM(D2:D5) -> 34333.18

Sheet File Pagamenti 26
A1: PROGRESSIVO | B1: CODICE FISCALE ASD | C1: NOMINATIVO ASD | D1: Importo complessivo da erogare Tranche del 31.03.2026
A2: 143 | B2: 10003221008 | C2: ARVALIA SWIMMING & FITNESS CLUB AR.L. SSD | D2: 3465
A3: 390 | B3: 2003710593 | C3: F.C.D. MONTE SAN BIAGIO ASSOCIAZIONE SPORTIVA DILETTANTISTICA | D3: 5885
D4: =SUM(D2:D3) -> 9350

Sheet File Pagamenti 27
A1: PROGRESSIVO | B1: CODICE FISCALE ASD | C1: NOMINATIVO ASD | D1: Importo complessivo da erogare Tranche del 31.03.2026
A2: 399 | B2: 14039201000 | C2: FITNESS SPORTING CLUB 2016 S.S.D. a R.L. | D2: 5680
A3: 651 | B3: 5825151003 | C3: VILLA ADRIANA | D3: 7260
A4: 1183 | B4: 4781441003 | C4: FRASCATI VOLLEY CLUB SSD A RL | D4: 5760
A5: 1203 | B5: 14425071009 | C5: GSPORT S.S.DILETTANTISTICA A R.L. | D5: 5489
A6: 1310 | B6: 15331641009 | C6: POMEZIA CALCIO 1957 | D6: 9090
A7: 1347 | B7: 96159270584 | C7: S.S.DILETTANTISTICA VIRTUS ROMA R.L. | D7: 7832.5
D8: =SUM(D2:D7) -> 41111.5

Sheet File Pagamenti 28
A1: PROGRESSIVO | B1: CODICE FISCALE ASD | C1: NOMINATIVO ASD | D1: Importo complessivo da erogare Tranche del 31.03.2026
A2: 548 | B2: 80433100585 | C2: S.S LAZIO NUOTO S.S.DILETTANTISTICA A.R.L. | D2: 7068
A3: 737 | B3: 1691250565 | C3: A.S.D. FAUL CIMINI VITERBO S.R.L. | D3: 11160
A4: 761 | B4: 4971031002 | C4: A.S.D. VIRTUS MONTEROTONDO BK | D4: 5050
A5: 1088 | B5: 92079730609 | C5: ATLETICO VEROLI A.S.D. | D5: 6930
D6: =SUM(D2:D5) -> 30208

Sheet File Pagamenti 29
A1: PROGRESSIVO | B1: CODICE FISCALE ASD | C1: NOMINATIVO ASD | D1: Importo complessivo da erogare Tranche del 31.03.2026
A2: 526 | B2: 96534980584 | C2: QUADRARO SPORT ROMA | D2: 6200
A3: 609 | B3: 2330490562 | C3: SSD PUROSPORT A.R.L. | D3: 200
A4: 998 | B4: 96313080580 | C4: Associazione Sportiva Dilettantistica Diada Sport | D4: 6095
D5: =SUM(D2:D4) -> 12495

Sheet File Pagamenti 30
A1: PROGRESSIVO | B1: CODICE FISCALE ASD | C1: NOMINATIVO ASD | D1: Importo complessivo da erogare Tranche del 31.12.2025
A2: 1288 | B2: 96539550580 | C2: PINGWINGS SSD | D2: 570
D3: =SUM(D2:D2) -> 570

Sheet File Pagamenti 31
A1: PROGRESSIVO | B1: CODICE FISCALE ASD | C1: NOMINATIVO ASD | D1: Importo complessivo da erogare Tranche del 31.03.2026
A2: 531 | B2: 96460440587 | C2: REAL EMPLOYMENT AND DEVELOPMENT OF SPORT S.S.D. A R.L. | D2: 11925
D3: =+D2 -> 11925

Sheet File Pagamenti 32
A1: PROGRESSIVO | B1: CODICE FISCALE ASD | C1: NOMINATIVO ASD | D1: Importo complessivo da erogare Tranche del 31.03.2026
A2: 704 | B2: 90111500568 | C2: A.S. DILETTANTISTICA SPORT BLERA | D2: 855
A3: 7 | B3: 9136911006 | C3: A.D. NEW NETTUNO BASKET CLUB | D3: 6960
A4: 312 | B4: 97858770585 | C4: BASKET ROMA SOCIETA SPORTIVA DILETTANTISTICA - SOCIETA A RESPONSABILITA LIMITATA | D4: 9920
D5: =SUM(D2:D4) -> 17735

Sheet File Pagamenti 33
A1: PROGRESSIVO | B1: CODICE FISCALE ASD | C1: NOMINATIVO ASD | D1: Importo complessivo da erogare Tranche del 30.06.2026
A2: 1 | B2: 95038790580 | C2: ASSOCIAZIONE SPORTIVA DILETTANTISTICA DANCE IN PROGRESS | D2: 5520
A3: 2 | B3: 11521311008 | C3: Professione Fitness SSD SRL | D3: 3690
A4: 3 | B4: 96426110589 | C4: #2.0 CENTRO AVVIAMENTO DANZA CLASSICA A.S. DILETTANTISTICA | D4: 1020
A5: 4 | B5: 97757010588 | C5: A. artistica didattica c. s. d. laltradanza | D5: 2800
A6: 5 | B6: 1013790595 | C6: A. DIL. BASKET ITRI | D6: 6280
A7: 6 | B7: 92095090608 | C7: A. S. Dilettantistica LC Training | D7: 1800
A8: 7 | B8: 9136911006 | C8: A.D. NEW NETTUNO BASKET CLUB | D8: 6780
A9: 8 | B9: 1358680567 | C9: A.D.P. REAL AZZURRA | D9: 5325
A10: 9 | B10: 90053700598 | C10: A.D.S. S.C. ARCIERI DI SANTO STEFANO | D10: 760
A11: 10 | B11: 7592821008 | C11: A.DIL. ALBANO BASKET CLUB | D11: 3190
A12: 11 | B12: 90056550560 | C12: A.DIL. BASKET PEGASO | D12: 5720
A13: 12 | B13: 3121700607 | C13: A.M.B. FROSINONE C5 | D13: 500
... A573: 676 | B573: 96116370584 | C573: A. Dilettantistica AS Roma Tennistavolo | D573: 700
D574: =SUM(D2:D573) -> 2996892

Sheet File Pagamenti 34
A1: PROGRESSIVO | B1: CODICE FISCALE ASD | C1: NOMINATIVO ASD | D1: Importo complessivo da erogare Tranche del 30.06.2026
A2: 92 | B2: 91109850593 | C2: A.S.Dilettantistica Il Tempio degli Atleti | D2: 4450
A3: 350 | B3: 97854160583 | C3: CESANO | D3: 12180
A4: 399 | B4: 14039201000 | C4: FITNESS SPORTING CLUB 2016 S.S.D. a R.L. | D4: 5800
A5: 677 | B5: 90028250604 | C5: A. S. DILETTANTISTICA ARTE DANZA E VEGLIA SCUOLA TEATRO MANZONI | D5: 3920
A6: 678 | B6: 1597880598 | C6: A. S. DILETTANTISTICA HANDBALL CLUB CASSA RURALE PONTINIA | D6: 2205
A7: 679 | B7: 96456620580 | C7: A.BA.CO ASSOCIAZIONE SPORTIVA DILETTANTISTICA | D7: 1800
A8: 680 | B8: 96104990583 | C8: A.D. BASKET VALSUGANA | D8: 1280
A9: 681 | B9: 2007950591 | C9: A.D. FORTITUDO BASKET CISTERNA | D9: 3680
A10: 682 | B10: 90000380593 | C10: A.D. PALL. G. FABIANI FORMIA | D10: 2880
A11: 683 | B11: 97522810585 | C11: A.D. PALLACANESTRO FORMELLO | D11: 1400
A12: 684 | B12: 97467450587 | C12: A.D. S.S. LAZIO BASKET | D12: 665
A13: 685 | B13: 96105550584 | C13: A.DIL. U.C. BASKET PRIMAVALLE | D13: 6515.5
... A496: 1258 | B496: 97859460582 | C496: MOOVIMENTO A.P.D | D496: 2000
A497: 1259 | B497: 01204220576 | C497: MORE SPORT ASSOCIAZIONE SPORTIVA DILETTANTISTICA | D497: 160
A498: 1262 | B498: 90042540568 | C498: NEW DANCE A.L.B.A. | D498: 880
A499: 1265 | B499: 97960470587 | C499: NEW TEAM RC5 | D499: 8520
A500: 1266 | B500: 97767510585 | C500: NEW WORLD DANCE ASSOCIAZIONE CULTURALE SPORTIVA DILETTANTISTICA | D500: 1360
A501: 1267 | B501: 2557160609 | C501: NUOVA AURORA | D501: 500
A502: 1268 | B502: 8594411004 | C502: NUOVA POLISPORTIVA AGOSTA | D502: 4850
A503: 1269 | B503: 90080820583 | C503: NUOVA POLISPORTIVA CIAMPINO ASD | D503: 640
A504: 1270 | B504: 91061570585 | C504: NUOVA RUGBY ROMA A.S.D | D504: 3294
A505: 1271 | B505: 10797521001 | C505: NUOVO TRULLO 84 JOLLY CLUB SSD | D505: 400
A506: 1272 | B506: 94055910585 | C506: OLIMPIA A.S.DILETTANTISTICA | D506: 120
A507: 1273 | B507: 91070950588 | C507: OLYMPIA | D507: 3200
A508: 1274 | B508: 97479290583 | C508: OLYMPIA SCHERMA ROMA ASSOCIAZIONE SPORTIVA DILETTANTISTICA | D508: 180
A509: 1275 | B509: 97640470585 | C509: OLYMPIC SPORT CENTER EQUITAZIONE SOCIETA SPORTIVA DILETTANTISTICA | D509: 1000
... A670: 1470 | B670: 97152560583 | C670: ASSOCIAZIONE SPORTIVA TENNIS TAVOLO EUREKA | D670: 300
A671: 1472 | B671: 04520861008 | C671: AS DILETTANTISTICA CIRCOLO ANTICO TIRO A VOLO | D671: 1840
A672: 1473 | B672: 96304860586 | C672: POLISPORTIVA DILETTANTISTICA M.S.E. | D672: 70
A673: 1475 | B673: 97764850588 | C673: ASSOCIAZIONE SPORTIVA DILETTANTISTICA CENTRO DI CAPOEIRA SAO SALOMAO ROMA | D673: 420
A674: 1476 | B674: 97941420586 | C674: ASSOCIAZIONE CULTURALE SPORTIVA DILETTANTISTICA YOGANOSTRESS | D674: 160
A675: 1477 | B675: 83005900580 | C675: LEGA NAVALE ITALIANA SEZIONE SANTA MARINELLA | D675: 80
A676: 1479 | B676: 96430540581 | C676: VERY STYLE ASSOCIAZIONE SPORTIVA DILETTANTISTICA | D676: 240
A677: 1480 | B677: 96514950581 | C677: OSTIA WARRIORS ASD - APS | D677: 280
A678: 1481 | B678: 02566250599 | C678: A.S.D. POLISPORTIVA GAETA | D678: 3000
A679: 1482 | B679: 96546350586 | C679: 3A FITNESS A.S.DILETTANTISTICA | D679: 276
A680: 1486 | B680: 14313801004 | C680: TL Fitness SRL Sportiva Dilettantistica | D680: 200
A681: 1488 | B681: 16778831004 | C681: SS DILETTANTISTICA FLUOPADEL ARL | D681: 640
A682: 1489 | B682: 97667970582 | C682: ASSOCIAZIONE SPORTIVA DILETTANTISTICA RAMBLA VERTICAL | D682: 150
A683: 1491 | B683: 03120970599 | C683: ACCADEMIA FRANCO ALBANO A.S.D. | D683: 150
A684: 1493 | B684: 93013160580 | C684: GRUPPO SPORTIVO DILETTANTISTICO PALLAVOLO POLI | D684: 280
A685: 1497 | B685: 96543030587 | C685: ASSOCIAZIONE SPORTIVA DILETTANTISTICA LA BOTTEGA DEL BENESSERE | D685: 480
A686: 1498 | B686: 97456450580 | C686: BALLA COI LUPI ASSOCIAZIONE DI PROMOZIONE SOCIALE SPORTIVA DILETTANTISTICA | D686: 208
A687: 1500 | B687: 01203960560 | C687: NEO TENNIS CLUB LUX ASSOCIAZIONE SPORTIVA DILETTANTISTICA | D687: 1000
A688: 1502 | B688: 97803510581 | C688: A.S.DILETTANTISTICA CITY FITNESS ROMA | D688: 400
A689: 1504 | B689: 96540030580 | C689: ASSOCIAZIONE SPORTIVA DILETTANTISTICA ABSOLUTE STREGA | D689: 100
D690: =SUM(D2:D689) -> 1656185.1

Sheet File Pagamenti 35
A1: PROGRESSIVO | B1: CODICE FISCALE ASD | C1: NOMINATIVO ASD | D1: Importo complessivo da erogare Tranche del 31.03.2026
A2: 975 | B2: 97878980586 | C2: ASSOCIAZIONE SPORTIVA DILETTANTISTICA ASD MOVEWAY | D2: 750
D3: =SUM(D2:D2) -> 750

Sheet File Pagamenti 36
A1: PROGRESSIVO | B1: CODICE FISCALE ASD | C1: NOMINATIVO ASD | D1: Importo complessivo da erogare Tranche del 31.03.2026
A2: 1107 | B2: 4361181003 | C2: BORGHESIANA | D2: 5500
D3: =SUM(D2:D2) -> 5500

Sheet File Pagamenti 37
A1: PROGRESSIVO | B1: CODICE FISCALE ASD | C1: NOMINATIVO ASD | D1: Importo complessivo da erogare Tranche del 30.06.2026
A2: 437 | B2: 97112200585 | C2: JUVENTUS NUOTO ROMA A.R.L SOCIETA SPORTIVA DILETTANTISTICA | D2: 8742
A3: 531 | B3: 96460440587 | C3: REAL EMPLOYMENT AND DEVELOPMENT OF SPORT S.S.D. A R.L. | D3: 7800
A4: 651 | B4: 5825151003 | C4: VILLA ADRIANA | D4: 8340
D5: =SUM(D2:D4) -> 24882

Sheet File Pagamenti 38
A1: PROGRESSIVO | B1: CODICE FISCALE ASD | C1: NOMINATIVO ASD | D1: Importo complessivo da erogare Tranche del 30.06.2026
A2: 1223 | B2: 16562031001 | C2: IMPACT SELF DEFENCE ASSOCIAZIONE SPORTIVA DILETTANTISTICA | D2: 210
D3: =+D2 -> 210

Sheet File Pagamenti 39
A1: PROGRESSIVO | B1: CODICE FISCALE ASD | C1: NOMINATIVO ASD | D1: Importo complessivo da erogare Tranche del 31.06.2026
A2: 1412 | B2: 11299641008 | C2: SSDILETTANTISTICA OLIMPIA FITNESS CLUB ARL | D2: 4500
A3: 1192 | B3: 11680661003 | C3: Ginnastica Civitavecchia Società Sportiva Dilettantistica A.R.L. | D3: 6880
D4: =SUM(D2:D3) -> 11380

Sheet File Pagamenti 40
A1: PROGRESSIVO | B1: CODICE FISCALE ASD | C1: NOMINATIVO ASD | D1: Importo complessivo da erogare Tranche del 31.06.2026
A2: 548 | B2: 80433100585 | C2: S.S LAZIO NUOTO S.S.DILETTANTISTICA A.R.L. | D2: 7936
D3: =+D2 -> 7936

Sheet File Pagamenti 41
A1: PROGRESSIVO | B1: CODICE FISCALE ASD | C1: NOMINATIVO ASD | D1: Importo complessivo da erogare Tranche del 31.06.2026
A2: 364 | B2: 3117710602 | C2: DANCE LAB Società Sportiva Dilettantistica a r.l. | D2: 2940
A3: 1461 | B3: 4725041000 | C3: VOLLEYBALL SANTA MONICA A.S.DILETTANTISTICA | D3: 10748
D4: =SUM(D2:D3) -> 13688

Sheet File Pagamenti 42
A1: PROGRESSIVO | B1: CODICE FISCALE ASD | C1: NOMINATIVO ASD | D1: Importo complessivo da erogare Tranche del 31.06.2026
A2: 172 | B2: 95040500589 | C2: ASD REAL VIS ARTENA | D2: 3685
A3: 192 | B3: 92000380581 | C3: ASDILETTANTISTICA FRASCATI SCHERMA | D3: 500
A4: 610 | B4: 2082420569 | C4: SSD REAL FABRICA DI ROMA ARL | D4: 875
A5: 1337 | B5: 13993501009 | C5: S.S. Dilettantistica PUNTE & MEZZEPUNTE Srl | D5: 3525
D6: =SUM(D2:D5) -> 8585

Sheet File Pagamenti 43
A1: PROGRESSIVO | B1: CODICE FISCALE ASD | C1: NOMINATIVO ASD | D1: Importo complessivo da erogare Tranche del 31.03.2026
A2: 172 | B2: 95040500589 | C2: ASD REAL VIS ARTENA | D2: 3135
D3: =SUM(D2:D2) -> 3135

Sheet File Pagamenti 44
A1: PROGRESSIVO | B1: CODICE FISCALE ASD | C1: NOMINATIVO ASD | D1: Importo complessivo da erogare Tranche del 30.06.2026
A2: 398 | B2: 3170420602 | C2: FITNESS ACADEMY Società Sportiva Dilettantistica a r.l. | D2: 12550
A3: 518 | B3: 1521980563 | C3: POLISPORTIVA RONCIGLIONE CAPRANICA SOCIETA SPORTIVA DILETTANTISTICA A RESPONSABILITA LIMITATA | D3: 14420
A4: 1342 | B4: 13088471001 | C4: S.S.DILETTANTISTICA ARDEATINA s.r.l. | D4: 450
D5: =SUM(D2:D4) -> 27420

Sheet File Pagamenti 45
A1: PROGRESSIVO | B1: CODICE FISCALE ASD | C1: NOMINATIVO ASD | D1: Importo complessivo da erogare Tranche del 31.03.2026
A2: 1342 | B2: 13088471001 | C2: S.S.DILETTANTISTICA ARDEATINA s.r.l. | D2: 300
D3: =SUM(D2:D2) -> 300

Sheet File Pagamenti 46
A1: PROGRESSIVO | B1: CODICE FISCALE ASD | C1: NOMINATIVO ASD | D1: Importo complessivo da erogare Tranche del 30.06.2026
A2: 1125 | B2: 2506940606 | C2: CIRC. NUOTO SPORTING CLUB CASSINO S.S.D.R.L. | D2: 6012.96
A3: 624 | B3: 14989581005 | C3: SSDILETTANTISTICA THE GYM | D3: 2977.83
D4: =SUM(D2:D3) -> 8990.79
A8: PROGRESSIVO | B8: CODICE FISCALE ASD | C8: NOMINATIVO ASD | D8: Importo complessivo da erogare Tranche del 30.06.2026
A9: 1125 | B9: 2506940606 | C9: CIRC. NUOTO SPORTING CLUB CASSINO S.S.D.R.L. | D9: =+Contributi!F1128-'File Pagamenti 46'!D2 -> 8560.04
D10: =+D9 -> 8560.04

Sheet File Pagamenti 48
A1: PROGRESSIVO | B1: CODICE FISCALE ASD | C1: NOMINATIVO ASD | D1: Importo complessivo da erogare Tranche del 30.06.2026
A2: 79 | B2: 96301750582 | C2: A.S.Dilettantistica Atletico Talenti | D2: 4550
A3: 129 | B3: 2090180569 | C3: ACTIVE SPACE S.S.DILETTANTISTICA SRL | D3: 2950
D4: =SUM(D2:D3) -> 7500

Sheet File Pagamenti 49
A1: PROGRESSIVO | B1: CODICE FISCALE ASD | C1: NOMINATIVO ASD | D1: Importo complessivo da erogare Tranche del 30.06.2026
A2: 168 | B2: 10998561004 | C2: ASD M.R. SPORT DEI FRATELLI MARCONI | D2: 1385
A3: 460 | B3: 13923211000 | C3: Linea Club Società Sportiva Dilettantistica a responsabilità limitata | D3: 3400
A4: 513 | B4: 6794801008 | C4: POLISPORTIVA DE ROSSI ARL | D4: 7448.5
A5: 766 | B5: 90029670586 | C5: A.S.DIL. VIRTUS ARICCIA | D5: 840
A6: 780 | B6: 96541140586 | C6: A.S.DILETTANTISTICA E DI P.S. NIRCHIO SPORT ACADEMY | D6: 2940
D7: =SUM(D2:D6) -> 16013.5

Sheet File Pagamenti 50
A1: PROGRESSIVO | B1: CODICE FISCALE ASD | C1: NOMINATIVO ASD | D1: Importo complessivo da erogare Tranche del 30.06.2026
A2: 31 | B2: 4534971009 | C2: A.S.D. ANZIO BASKET CLUB | D2: 9420
A3: 1203 | B3: 14425071009 | C3: GSPORT S.S.DILETTANTISTICA A R.L. | D3: 4143
A4: 1260 | B4: 96299620581 | C4: MULTIMEDIA 3000 A.S.DILETTANTISTICA E CULTURALE | D4: 3080
D5: =SUM(D2:D4) -> 16643
A8: PROGRESSIVO | B8: CODICE FISCALE ASD | C8: NOMINATIVO ASD | D8: Importo complessivo da erogare Tranche del 30.06.2026
A9: 624 | B9: 14989581005 | C9: SSDILETTANTISTICA THE GYM | D9: =7600-2977.83 -> 4622.17
D10: =SUM(D9) -> 4622.17

Sheet File Pagamenti 52
A1: PROGRESSIVO | B1: CODICE FISCALE ASD | C1: NOMINATIVO ASD | D1: Importo complessivo da erogare Tranche del 31.03.2026
A2: 658 | B2: 90053380599 | C2: VIS FONDI | D2: 7770
D3: =SUM(D2:D2) -> 7770
A6: PROGRESSIVO | B6: CODICE FISCALE ASD | C6: NOMINATIVO ASD | D6: Importo complessivo da erogare Tranche del 30.06.2026
A7: 551 | B7: 907320576 | C7: S.S. PASSO CORESE | D7: 5175
A8: 737 | B8: 1691250565 | C8: A.S.D. FAUL CIMINI VITERBO S.R.L. | D8: 9720
D9: =SUM(D7:D8) -> 14895

Sheet File Pagamenti 53
A2: PROGRESSIVO | B2: CODICE FISCALE ASD | C2: NOMINATIVO ASD | D2: Importo complessivo da erogare Tranche del 30.06.2026
A3: 1180 | B3: 1255450577 | C3: FLEX ZONE S.S.DILETTANTISTICA ARL | D3: 1045
D4: =SUM(D3:D3) -> 1045

Sheet File Pagamenti 54
A2: PROGRESSIVO | B2: CODICE FISCALE ASD | C2: NOMINATIVO ASD | D2: Importo complessivo da erogare Tranche del 30.06.2026
A3: 412 | B3: 10572881000 | C3: GM SPORTING 09 Società Sportiva Dilettantistica arl | D3: 5680
A4: 1070 | B4: 91011640587 | C4: ASSOCIAZIONE SPORTIVA DILETTANTISTICA TENNIS CLUB CIVITAVECCHIA 88 | D4: 1365
D5: =SUM(D3:D4) -> 7045

Sheet File Pagamenti 55
A2: PROGRESSIVO | B2: CODICE FISCALE ASD | C2: NOMINATIVO ASD | D2: Importo complessivo da erogare Tranche del 31.03.2026
A3: 992 | B3: 91122060592 | C3: Associazione Sportiva Dilettantistica Circeo Accademia Di Ginnastica | D3: 1200
D4: =+D3 -> 1200

Sheet File Pagamenti 56
A2: PROGRESSIVO | B2: CODICE FISCALE ASD | C2: NOMINATIVO ASD | D2: Importo complessivo da erogare Tranche del 31.03.2026
A3: 421 | B3: 80006480596 | C3: HERMADA | D3: 7800
D4: =+D3 -> 7800

Sheet File Pagamenti 57
A2: PROGRESSIVO | B2: CODICE FISCALE ASD | C2: NOMINATIVO ASD | D2: Importo complessivo da erogare Tranche del 30.06.2026
A3: 176 | B3: 97942900586 | C3: ASD RUGBY X ROMA 2017 | D3: 1000
D4: =+D3 -> 1000

Sheet File Pagamenti 58
A2: PROGRESSIVO | B2: CODICE FISCALE ASD | C2: NOMINATIVO ASD | D2: Importo complessivo da erogare Tranche del 30.06.2026
A3: 52 | B3: 91148580599 | C3: A.S.D. FLAMY DANCE ESCOLA DEL DANCA E FITNES | D3: 600
D4: =+D3 -> 600

Sheet File Pagamenti 59
A2: PROGRESSIVO | B2: CODICE FISCALE ASD | C2: NOMINATIVO ASD | D2: Importo complessivo da erogare Tranche del 31.03.2026
A3: 1503 | B3: 97012830580 | C3: ASSOCIAZIONE SPORTIVA DILETTANTISTICA CENTRO VELICO 3V VELA VENTO VIA | D3: 490
D4: =+D3 -> 490

Sheet Pagamenti 60
A1: PROGRESSIVO | B1: CODICE FISCALE ASD | C1: NOMINATIVO ASD | D1: Importo complessivo da erogare Tranche del 30.06.2026
A2: 910 | B2: 97896520588 | C2: ASD O.BALLET | D2: 5520
A3: 1107 | B3: 4361181003 | C3: BORGHESIANA | D3: 1645.18
A4: 1400 | B4: 8491680586 | C4: SS DILETTANTISTICA OLIMPIA 1 ARL | D4: 975
D5: =SUM(D2:D4) -> 8140.18
A7: PROGRESSIVO | B7: CODICE FISCALE ASD | C7: NOMINATIVO ASD | D7: Importo complessivo da erogare Tranche del 30.06.2026
A8: 1107 | B8: 4361181003 | C8: BORGHESIANA | D8: 4454.82
D9: =+D8 -> 4454.82

Sheet Pagamenti 62
A1: PROGRESSIVO | B1: CODICE FISCALE ASD | C1: NOMINATIVO ASD | D1: Importo complessivo da erogare Tranche del 31.03.2026
A2: 1079 | B2: 1960140562 | C2: ASSOCIAZIONE SPORTIVA DILETTANTISTICA VOLLEY VITERBO | D2: 2200
D3: =+D2 -> 2200
A5: PROGRESSIVO | B5: CODICE FISCALE ASD | C5: NOMINATIVO ASD | D5: Importo complessivo da erogare Tranche del 30.06.2026
A6: 1079 | B6: 1960140562 | C6: ASSOCIAZIONE SPORTIVA DILETTANTISTICA VOLLEY VITERBO | D6: 1280
D7: =+D6 -> 1280

Sheet Dettaglio pagamenti (14)
A1: ente | B1: enteCF | C1: iban | D1: importoDaPagare | E1: Check
A2: A.S.D. NEW ERA ACCADEMY | B2: 97700800580 | C2: IT95Q0832703240000000005085 | D2: 6060 | E2: =VLOOKUP(B2,Contributi!$A$4:$A$1506,1,0) -> 97700800580
A3: ASSOCIAZIONE SPORTIVA DILETTANTISTICA TAEKWONDO OSTIA ACADEMY | B3: 96603470582 | C3: IT59I0326822300052212668530 | D3: 935 | E3: =VLOOKUP(B3,Contributi!$A$4:$A$1506,1,0) -> 96603470582
A4: MINERVA FITNESS SSD ARL | B4: 17634201002 | C4: IT46H0344022000000000327300 | D4: 396 | E4: =VLOOKUP(B4,Contributi!$A$4:$A$1506,1,0) -> 17634201002
A5: S.S.D. VIRTUS MARINA DI SAN NICOLA A R.L., IN FORMA ABBREVIATA S .S.D. VIRTUS M.S.N. A R.L. | B5: 12679321005 | C5: IT96O0832739530000000000152 | D5: 2508 | E5: =VLOOKUP(B5,Contributi!$A$4:$A$1506,1,0) -> 12679321005
A6: ASD K GYM | B6: 94085370586 | C6: IT27X0344039240000000252300 | D6: 3355 | E6: =VLOOKUP(B6,Contributi!$A$4:$A$1506,1,0) -> 94085370586
A7: A.S.D. NEO TENNIS CLUB LUX | B7: 1203960560 | C7: IT73W0200814502000004337771 | D7: 900 | E7: =VLOOKUP(B7,Contributi!$A$4:$A$1506,1,0) -> #N/A
A8: SOCIETA SPORTIVA DILETTANTISTICA ROMA CALCIO FEMMINILE S.R.L. IN BREVE DENOMINATA ANCHE S.S.D. ROMA CALCIO FEMMINILE S.R.L. | B8: 12014561000 | C8: IT53Z0832703268000000002179 | D8: 6435 | E8: =VLOOKUP(B8,Contributi!$A$4:$A$1506,1,0) -> 12014561000
A9: ASSOCIAZIONE SPORTIVA DILETTANTISTICA DOPOLAVORO FOOTBALL CLUB | B9: 16319651002 | C9: IT58O0832739040000000007585 | D9: 6420 | E9: =VLOOKUP(B9,Contributi!$A$4:$A$1506,1,0) -> 16319651002
A10: INDIVIDUAL SOCCER PROJECT A.S.D. | B10: 96451210585 | C10: IT93A0200822006000105911798 | D10: 500 | E10: =VLOOKUP(B10,Contributi!$A$4:$A$1506,1,0) -> 96451210585
A11: DANZARMONIA ACADEMY SOCIETA SPORTIVA DILETTANTISTICA A RESPONSABILITA LIMITATA | B11: 17262191004 | C11: IT09K0832703232000000004273 | D11: 1440 | E11: =VLOOKUP(B11,Contributi!$A$4:$A$1506,1,0) -> 17262191004
A12: A.S.D. LIBERA VOLLEY | B12: 91073350588 | C12: IT12N0832739530000000005569 | D12: 1400 | E12: =VLOOKUP(B12,Contributi!$A$4:$A$1506,1,0) -> 91073350588
A13: ASSOCIAZIONE SPORTIVA DILETTANTISTICA SCUOLA BASKET FROSINONE | B13: 92028260609 | C13: IT18A0537214800000010720605 | D13: 4600 | E13: =VLOOKUP(B13,Contributi!$A$4:$A$1506,1,0) -> 92028260609
... A279: ASD GRUPPO SPORTIVO ITALIANO | B279: 2284520596 | C279: IT61D0832714703000000051344 | D279: 4500 | E279: =VLOOKUP(B279,Contributi!$A$4:$A$1506,1,0) -> 2284520596
A280: TENNIS CLUB SARDEGNA ASSOCIAZIONE SPORTIVA DILETTANTISTICA | B280: 1588820595 | C280: IT73K0344174160CC0200526184 | D280: 840 | E280: =VLOOKUP(B280,Contributi!$A$4:$A$1506,1,0) -> #N/A | F280: Lasciamola in standby in quanto ha chiuso l'ASD e stiamo capendo se possiamo pagarla
A281: ASSOCIAZIONE SPORTIVA DILETTANTISTICA FRASCATI SCHERMA | B281: 92000380581 | C281: IT34O0344139100CC0180000270 | D281: 2000 | E281: =VLOOKUP(B281,Contributi!$A$4:$A$1506,1,0) -> 92000380581
A282: ASSOCIAZIONE SPORTIVA DILETTANTISTICA GINNASTICA VALMONTONE | B282: 95003350584 | C282: IT43T0510439480CC0070522906 | D282: 13350 | E282: =VLOOKUP(B282,Contributi!$A$4:$A$1506,1,0) -> 95003350584
A283: A.S.D. & C. ART MAISON ACCADEMY | B283: 95099660656 | C283: IT30Z0701774110000000046699 | D283: 1320 | E283: =VLOOKUP(B283,Contributi!$A$4:$A$1506,1,0) -> 95099660656
A284: CITY FITNESS ROMA ASSOCIAZIONE SPORTIVA DILETTANTISTICA | B284: 97803510581 | C284: IT69I0832703250000000001664 | D284: 300 | E284: =VLOOKUP(B284,Contributi!$A$4:$A$1506,1,0) -> 97803510581
A285: ASSOCIAZIONE SPORTIVA DILETTANTISTICA KICKBOXING ACADEMY ROMA | B285: 96578230581 | C285: IT46S3609201600792537020105 | D285: 825 | E285: =VLOOKUP(B285,Contributi!$A$4:$A$1506,1,0) -> 96578230581
A286: A.S.DILETTANTISTICA DON BOSCO COLOSSEO | B286: 90034910605 | C286: IT30K0537274373000010777589 | D286: 3900 | E286: =VLOOKUP(B286,Contributi!$A$4:$A$1506,1,0) -> 90034910605
A287: ASSOCIAZIONE SPORTIVA DILETTANTISTICA FUKURO ROMA | B287: 97624140584 | C287: IT49U0832703267000000000583 | D287: 3000 | E287: =VLOOKUP(B287,Contributi!$A$4:$A$1506,1,0) -> 97624140584
A288: ASD INTEAM LATINA | B288: 91170500598 | C288: IT85N0832714703000000049401 | D288: 4500 | E288: =VLOOKUP(B288,Contributi!$A$4:$A$1506,1,0) -> 91170500598
A289: ASSOCIAZIONE SPORTIVA DILETTANTISTICA POLISPORTIVA ROMA 11 | B289: 97017350584 | C289: IT02M0307502200CC8500909316 | D289: 1670 | E289: =VLOOKUP(B289,Contributi!$A$4:$A$1506,1,0) -> 97017350584
A290: A.S.Dilettantistica VALLEPIANA GUEST RANCH | B290: 90042220609 | C290: IT72C0103074541000001491164 | D290: 1050 | E290: =VLOOKUP(B290,Contributi!$A$4:$A$1506,1,0) -> 90042220609
A291: SPORTING NUOTO LAURENTINO SOCIETA SPORTIVA DILETTANTISTICA A RES PONSABILITA LIMITATA - SSD, IN BREVE S.N. LAURENTINO S.S.D. A R. L. | B291: 16819521002 | C291: IT64H0569603210000006836X37 | D291: 5760 | E291: =VLOOKUP(B291,Contributi!$A$4:$A$1506,1,0) -> 16819521002
A292: A.S.D. LUPATELLI TENNIS ACCADEMY | B292: 10042361005 | C292: IT10F0538738890000003327342 | D292: 2610 | E292: =VLOOKUP(B292,Contributi!$A$4:$A$1506,1,0) -> 10042361005
... A1399: CSAIN VELOCEMENTE ACADEMY ASSOCIAZIONE SPORTIVA DILETTANTISTICA | B1399: 14568361001 | C1399: IT97M0503403242000000001173 | D1399: 2121.5 | E1399: =VLOOKUP(B1399,Contributi!$A$4:$A$1506,1,0) -> 14568361001
D1400: =SUM(D2:D1399) -> 5805227.3

Sheet Importi Verifiche Equitalia
A1: Voucher Lazio - Erogazione Contributi ASD
A3: PROGRESSIVO | B3: CODICE FISCALE ASD | C3: NOMINATIVO ASD | D3: Ottenimento DURC I Tranche | E3: Scadenza DURC | F3: Ottenimento Verifica Equitalia | G3: Importo complessivo da erogare Tranche del 30.09.2025 | H3: Importo complessivo da erogare Tranche del 31.12.2025
A4: 664 | B4: 15509201008 | C4: WELLNESS VILLAGE 2019 S.S.D. a R.L. | D4: r | E4: Irregolare | H4: 31000
A5: 1225 | B5: 96451210585 | C5: INDIVIDUAL SOCCER PROJECT A.S. DILETTANTISTICA | D5: a | E5: Non effettuabile | H5: 30000
A6: 720 | B6: 97976200580 | C6: A.S.D. ATLETICA TOR TRE TESTE | D6: a | E6: 46032 | H6: 28600
A7: 77 | B7: 91101630597 | C7: A.S.Dilettantistica ANXUR - TERRACINA | D7: a | E7: 46046 | H7: 28560
A8: 405 | B8: 8411210589 | C8: FORUM SPORT CENTER SSD SRL | D8: a | E8: 46000 | H8: 27887.71
A9: 406 | B9: 13442191006 | C9: FRASCATI RUGBY CLUB 1949 SSD ARL | D9: a | E9: Non effettuabile | H9: 26500
A10: 1193 | B10: 95038760583 | C10: Ginnastica Res Novae Associazione Sportiva Dilettantistica | D10: a | E10: 46079 | H10: 25200
A11: 192 | B11: 92000380581 | C11: ASDILETTANTISTICA FRASCATI SCHERMA | D11: a | E11: 46112 | H11: 25000
A12: 303 | B12: 95051280584 | C12: ATLETICO LARIANO | D12: a | E12: Non effettuabile | H12: 23500
A13: 618 | B13: 14901351008 | C13: SSDILETTANTISTICA PHYSICAL VILLAGE ROMA | D13: a | E13: 45911 | F13: a | G13: 7638 | H13: 22679
A14: 1334 | B14: 97576660589 | C14: RUGBY ROMA OLIMPIC CLUB 1930 ASD | D14: a | E14: 46080 | H14: 22500
A15: 868 | B15: 97385840588 | C15: AS DILETTANTISTICA VOLLEY ANGUILLARA | D15: a | E15: Non effettuabile | H15: 20500
A16: 482 | B16: 3122820602 | C16: NUOVA BROCCOSTELLA | D16: a | E16: Non effettuabile | H16: 19000
A17: 642 | B17: 6204131004 | C17: UNIONE RUGBY CAPITOLINA ASD | D17: a | E17: 45993 | H17: 19000
A18: 721 | B18: 97061180580 | C18: A.S.D. AURELIO S.G. | D18: a | E18: 46056 | H18: 18500
A19: 542 | B19: 11073281005 | C19: ROMAN SPORT CITY Società Sportiva Dilettantistica a r.l. | D19: a | E19: 45994 | F19: N/A | G19: 498 | H19: 18495
A20: 505 | B20: 94079720580 | C20: PALOMBARA | D20: a | E20: Non effettuabile | H20: 17500
A21: 647 | B21: 12514071005 | C21: Valeas S.S.Dilettantistica ar.l. | D21: a | E21: 46023 | H21: 16795
A22: 571 | B22: 9879941004 | C22: SANTA LUCIA CALCIO | D22: a | E22: Non effettuabile | H22: 16500
A23: 431 | B23: 14729591009 | C23: JEM S SOCCER ACADEMY ARL | D23: a | E23: 46023 | H23: 16000
A24: 1119 | B24: 97759540582 | C24: CDP LA FENICE PALLAVOLO ASSOCIAZIONE SPORTIVA DILETTANTISTICA | D24: a | E24: 46079 | H24: 16000
A25: 298 | B25: 12533071002 | C25: ATHENA SPORTING CLUB SSDarl | D25: a | E25: 46106 | H25: 15635
A26: 199 | B26: 92008670603 | C26: ASDILETTANTISTICA PARK CLUB | D26: a | E26: 46017 | H26: 15300
A27: 1423 | B27: 97810490587 | C27: SVS ROMA | D27: a | E27: 46042 | H27: 14800
A28: 1141 | B28: 90002110600 | C28: CUS CASSINO ASD | D28: a | E28: 46078 | H28: 14400
A29: 409 | B29: 4167921008 | C29: G.S.D.BASKET TORVAIANICA | D29: a | E29: Non effettuabile | H29: 14065
A30: 179 | B30: 90061870581 | C30: ASD SPORTING PAVONA | D30: a | E30: Non effettuabile | H30: 13920
A31: 314 | B31: 2882580604 | C31: BELLATOR FRUSINO S.S.DILETTANTISTICA a.r.l. | D31: a | E31: 45945 | F31: N/A | G31: 250 | H31: 13795
A32: 619 | B32: 3054230598 | C32: SSDILETTANTISTICA POLISPORTIVA XXV PONTI | D32: a | E32: 45996 | H32: 13745
A33: 1421 | B33: 17754921009 | C33: SUPERNOVA FIUMICINO ASD | D33: a | E33: 46081 | H33: 13500
A34: 596 | B34: 1671620605 | C34: SPORTFLY SOC.SPORTIVA DILETT. ARL | D34: a | E34: 46023 | H34: 13380
A35: 370 | B35: 14326181006 | C35: DREAMING FOOTBALL ACADEMY | D35: a | E35: Non effettuabile | H35: 13140
A36: 963 | B36: 5074210583 | C36: Associazione Sportiva Dilettantistica ROMA 12 | D36: a | E36: 46058 | H36: 13080
A37: 155 | B37: 91106800591 | C37: ASD AQUARIA | D37: a | E37: 46022 | H37: 12500
A38: 549 | B38: 97061650582 | C38: S.S. DILETTANTISTICA IPPOCAMPO | D38: a | E38: 46072 | H38: 12264.75
A39: 382 | B39: 12856641001 | C39: Eschilo 2 Sport In Progress S.S.Dilettantistica A R.L. | D39: a | E39: 45976 | F39: N/A | G39: 470 | H39: 12095
A40: 1108 | B40: 96424470589 | C40: BORGO PALIDORO | D40: a | E40: Non effettuabile | H40: 12000
A41: 808 | B41: 97480650585 | C41: A.S.DILETTANTISTICA PATT.ART.DIVINO AMORE INSIEME | D41: a | E41: Non effettuabile | H41: 11500
A42: 128 | B42: 17650601002 | C42: ACR FOOTBALL CLUB SSD ARL | D42: a | E42: 46022 | H42: 11400
A43: 475 | B43: 15751941004 | C43: MUNDIAL FOOTBALL CLUB S.S.DILETTANTISTICA arl | D43: a | E43: Non effettuabile | F43: N/A | G43: 560 | H43: 11270
A44: 414 | B44: 11524721005 | C44: GRIFONE CALCIO | D44: a | E44: Non effettuabile | H44: 11175
A45: 134 | B45: 6957950584 | C45: ALMA NUOTO - S.S.D. A R.L. | D45: a | E45: 46022 | H45: 11160
A46: 436 | B46: 16558211005 | C46: JUVENIA GYMNASTIC SOCIETA SPORTIVA DILETTANTISTICA A R.L. | D46: a | E46: 46023 | F46: N/A | G46: 574 | H46: 11060
A47: 363 | B47: 92067200607 | C47: CTBC CASTRO DEI VOLSCI ASSOCIAZIONE SPORTIVA DILETTANTISTICA APS, ASD, ETS | D47: a | E47: Non effettuabile | H47: 11000
A48: 730 | B48: 97335660581 | C48: A.S.D. CARVER CINECITTA | D48: a | E48: Non disponibile | H48: 11000
A49: 916 | B49: 95051630580 | C49: ASD POLISPORTIVA INVICTUS | D49: a | E49: Non effettuabile | H49: 11000
A50: 1144 | B50: 97434800583 | C50: CVN CASAL BERNOCCHI | D50: a | E50: Non effettuabile | H50: 11000
A51: 528 | B51: 15835401009 | C51: RARI NANTES ROMA VIS NOVA A.R.L. SOCIETA SPORTIVA DILETTANTISTICA | D51: a | E51: 46060 | H51: 10785
A52: 106 | B52: 96135330585 | C52: A.S.Dilettantistica Roma Otto Team | D52: a | E52: 46022 | H52: 10500
A53: 493 | B53: 2333550594 | C53: OLYMPUS SPORTING CLUB S.S.D.A.R.L | D53: a | E53: 46042 | H53: 10350
A54: 880 | B54: 10552681008 | C54: ASD ATHLETIC SOCCER ACADEMY 2012 | D54: a | E54: 46078 | H54: 10200
A55: 209 | B55: 11366771001 | C55: ASSOCIAZIONE SPORTIVA DILETTANTISTICA ACCADEMIA DEL NUOTO-MARINO | E55: In verifica | H55: 10120
A56: 347 | B56: 5838551009 | C56: CENTRO SPORTIVO LE CUPOLE SSD A Responsabilità Limitata | D56: a | E56: 46023 | H56: 10070
A57: 139 | B57: 6202711005 | C57: ANZIO CALCIO 1924 | D57: a | E57: 46057 | H57: 10050
A58: 383 | B58: 97471290581 | C58: ESQUILINO BASKETBALL A.S.D. | D58: a | E58: 46023 | F58: N/A | G58: 270 | H58: 10035
A59: 1078 | B59: 90106860563 | C59: ASSOCIAZIONE SPORTIVA DILETTANTISTICA VOLLEY LIFE | D59: a | E59: Non effettuabile | H59: 10000
A60: 1385 | B60: 17491121004 | C60: SPORT ENJOY S.S.DILETTANTISTICA A.R.L | D60: r | E60: Irregolare | H60: 10000
A61: 639 | B61: 1836240596 | C61: U.S. SA.MA.GOR. A.S.D. | D61: a | E61: 46023 | H61: 9940
A62: 1192 | B62: 11680661003 | C62: Ginnastica Civitavecchia Società Sportiva Dilettantistica A.R.L. | D62: r | E62: Irregolare | H62: 9895
A63: 428 | B63: 10912111001 | C63: IPPOLIFE S.S.D. A R.L. | D63: a | E63: 46049 | H63: 9788.33
A64: 1177 | B64: 16268331002 | C64: FITNESS CENTER 2021 SOCIETA SPORTIVA DILETTANTISTICA A R.L. | D64: a | E64: 46079 | H64: 9780
A65: 554 | B65: 17313661005 | C65: S.S.Dilettantistica E.L.F.F. Sporting s.r.l. | D65: a | E65: 46023 | H65: 9705
A66: 1048 | B66: 91130070591 | C66: ASSOCIAZIONE SPORTIVA DILETTANTISTICA POLISPORTIVA SONNINO 1960 | D66: a | E66: Non effettuabile | H66: 9600
A67: 1319 | B67: 11539301009 | C67: RARI NANTES BEL POGGIO SOCIETA SPORTIVA DILETTANTISTICA | D67: a | E67: 46080 | H67: 9540
A68: 496 | B68: 97714970585 | C68: P.A.R.- PATTINAGGIO ARTISTICO ROMANO A.S.DILETTANTISTICA | D68: a | E68: 46023 | H68: 9500
A69: 1378 | B69: 15033021005 | C69: SOCIETA SPORTIVA DILETTANTISTICA PARCO DEI PINI A RESPONSABILITA LIMITATA | D69: r | E69: Irregolare | H69: 9500
A70: 1125 | B70: 2506940606 | C70: CIRC. NUOTO SPORTING CLUB CASSINO S.S.D.R.L. | D70: a | E70: 46052 | H70: 9495
A71: 257 | B71: 10175181006 | C71: ASSOCIAZIONE SPORTIVA DILETTANTISTICA OSTIA SURF | D71: a | E71: 46023 | F71: N/A | G71: 4100 | H71: 9400
A72: 467 | B72: 9038321007 | C72: MATRIX SOCIETA SPORTIVA DILETTANTISTICA | E72: In verifica | H72: 9344
A73: 1010 | B73: 91097980592 | C73: Associazione sportiva dilettantistica GinnasticAprilia | D73: a | E73: 46115 | H73: 9200
A74: 1325 | B74: 10659671001 | C74: ROCCA PRIORA RDP CALCIO | D74: a | E74: Non effettuabile | H74: 9000
A75: 1349 | B75: 97476530585 | C75: SANTA GEMMA ASD | D75: a | E75: Non effettuabile | H75: 9000
A76: 534 | B76: 13966851001 | C76: RIM SOCIETA SPORTIVA DILETTANTISTICA A RESPONSABILITA LIMITATA | D76: a | E76: 46023 | H76: 8868.2
A77: 473 | B77: 695100560 | C77: MONTEFIASCONE | D77: a | E77: Non effettuabile | H77: 8820
A78: 1377 | B78: 10252101000 | C78: SOCIETA SPORTIVA DILETTANTISTICA NUOVA CAGIS SRL | D78: a | E78: 46080 | H78: 8715
A79: 917 | B79: 1977490562 | C79: ASD POLISPORTIVA ORIOLO | D79: a | E79: 46078 | H79: 8700
A80: 520 | B80: 12516401002 | C80: Poseidon Sporting Club 2013 S.S.Dilettantistica ar.l. | D80: a | E80: 46060 | H80: 8500
A81: 607 | B81: 3055210599 | C81: SSD FORMIA ATL. LEGGERA A R.L. | D81: a | E81: 46112 | H81: 8460
A82: 541 | B82: 9600601000 | C82: ROMA VIS NOVA PALLANUOTO SOCIETA SPORTIVA DILETTANTISTICA | D82: a | E82: 45972 | F82: N/A | G82: 380 | H82: 8416
A83: 173 | B83: 96570550580 | C83: ASD RED TIGERS 1957 | D83: a | E83: Non effettuabile | H83: 8160
A84: 487 | B84: 6321121003 | C84: OCTOPUS SOCIETA SPORTIVA DILETTANTISTICA A RESPONSABILITA LIMITATA | D84: a | E84: 46023 | H84: 8060
A85: 653 | B85: 11061271000 | C85: VILLA YORK SPORTING CLUB SOCIETA SPORTIVA DILETTANTISTICA S.R.L. | D85: a | E85: 46023 | H85: 8050
A86: 832 | B86: 96426490585 | C86: ACCADEMIA GIALLOAZZURRI A.S.D. | D86: a | E86: 46077 | H86: 8000
A87: 373 | B87: 8078121004 | C87: ELIS A.R.L. | D87: a | E87: 46023 | H87: 7721.45
A88: 621 | B88: 12854911000 | C88: SSDILETTANTISTICA SAMA SPORTING | D88: a | E88: 46023 | H88: 7630
A89: 365 | B89: 93022950583 | C89: DEA 2.2 Società Sportiva Dilettantistica A R L | D89: a | E89: 46023 | H89: 7600
A90: 125 | B90: 2661900601 | C90: ACCADEMIA FROSINONE SCSRL | D90: a | E90: 46095 | H90: 7565
A91: 282 | B91: 97389070588 | C91: Associazione sportiva dilettantistica Universo Danza | D91: a | E91: 46064 | H91: 7560
A92: 217 | B92: 97242690580 | C92: ASSOCIAZIONE SPORTIVA DILETTANTISTICA ASD GIRO VOLLEY | D92: a | E92: 46023 | H92: 7500
A93: 921 | B93: 92086280606 | C93: ASD PSV ALATRI GUARCINO | D93: a | E93: 46030 | H93: 7280
A94: 479 | B94: 15774161002 | C94: New Line Pomezia 2 S.S.Dilettantistica ar.l. | D94: a | E94: 46023 | H94: 7250
A95: 486 | B95: 3261910594 | C95: OASI AQUA VILLAGE SSD ARL | D95: a | E95: 46088 | H95: 7195
... A97: 401 | B97: 2948200593 | C97: FONDI CALCIO | D97: a | E97: 46023 | H97: 7169
A98: 181 | B98: 90070510590 | C98: ASD UNITED SAN LORENZO-CASTELFORTE | D98: a | E98: Non effettuabile | F98: N/A | G98: 1450 | H98: 7150
A99: 178 | B99: 97051870588 | C99: ASD SPES MENTANA | D99: a | E99: 46022 | H99: 7120
A100: 244 | B100: 95003350584 | C100: Associazione Sportiva Dilettantistica Ginnastica Valmontone | D100: a | E100: 46070 | F100: N/A | G100: 50 | H100: 7100
A101: 613 | B101: 14894771006 | C101: SSDILETTANTISTICA EMPOLUM SPORT | D101: a | E101: 46023 | H101: 7068
A102: 151 | B102: 95042560581 | C102: AS DILETTANTISTICA SWIMMING CLUB ETS | D102: a | E102: 46010 | H102: 7040
...

Sheet Dettaglio pagamenti
A1: ASD/SSD/ETS | B1: CF ASD/SSD/ETS | C1: IBAN | D1: importoDaPagare
A2: A.S. DILETTANTISTICA POLISPORTIVA CENTRO GIANO | B2: 96098890583 | C2: IT79V0200805153000400714324 | D2: 1508
A3: MARINO PALLAVOLO ASD | B3: 4397611007 | C3: IT62X0103039551000001410317 | D3: 3410
A4: ASSOCIAZIONE SPORTIVA DILETTANTISTICA ROMA 1927 FUTSAL | B4: 97735090587 | C4: IT95W0306905077100000014429 | D4: 656
A5: ACCADEMIA PUGILISTICA LEONE ASSOCIAZIONE SPORTIVA DILETTANTISTICA | B5: 91169900593 | C5: IT51S0760114700001064763400 | D5: 2450
A6: ROMA TEAM UP S.S.D. A.R.L. | B6: 97608020588 | C6: IT90B0200805013000401432442 | D6: 5800
A7: ASSOCIAZIONE SPORTIVA DILETTANTISTICA ACADEMY SVS ROMA | B7: 90128790566 | C7: IT57Y0569603215000005562X29 | D7: 2200
A8: ASDILETTANTISTICA FREEDOM | B8: 12854711004 | C8: IT56C0200839301000103198941 | D8: 680
A9: A.S.D. VIRTUS BASKET PONTINIA | B9: 91144660593 | C9: IT75L0832774060000000037177 | D9: 1320
A10: TERRACINA RUGBY CLUB ASSOCIAZIONE SPORTIVA | B10: 91119770591 | C10: IT38F0832774160000000027270 | D10: 150
A11: G.S.T. A.S.D | B11: 96466230586 | C11: IT42V0200805183000106059112 | D11: 1600
A12: UNIVERSAL LATINOS A.S.D. | B12: 97759170588 | C12: IT72E0832749632000000001783 | D12: 400
A13: A.S.D. BASKET CITTA DI LADISPOLI | B13: 6749841000 | C13: IT30W0832739530000000000267 | D13: 5100
... A1284: G.S.DIL. BASKET TORVAIANICA | B1284: 4167921008 | C1284: IT29O0538722002000001064556 | D1284: 14065
C1285: TOTALE | D1285: =SUBTOTAL(109,Dettaglio_pagamenti__14[importoDaPagare]) -> 3195749.4
